 Dungeon Crawl Stone Soup version 0.29.0-4-gdea44cf6ec (webtiles) character file.

Game seed: 10840284415384984816

518436 qw the Slayer (level 24, -6/273 HPs)
             Began as a Demonspawn Cinder Acolyte on Sept 9, 2022.
             Was a High Priest of Okawaru.
             Mangled by a tentacled monstrosity (11 damage)
             ... on level 1 of the Realm of Zot.
             The game lasted 00:28:50 (51029 turns).

qw the Slayer (Demonspawn Cinder Acolyte)          Turns: 51029, Time: 00:28:51

Health: -6/273     AC: 35    Str: 18    XL:     24   Next: 5%
Magic:  0/30       EV: 14    Int: 17    God:    Okawaru [*****.]
Gold:   299        SH: 30    Dex: 13    Spells: 25/25 levels left

rFire   . . .      SeeInvis +   F - +6 broad axe (vamp)
rCold   + + +      Faith    .   m - +2 tower shield
rNeg    + + .      Spirit   +   q - +0 gold dragon scales
rPois   +          Reflect  +   e - +3 hat "Hied" {rF- Regen+ Slay+5}
rElec   +          Harm     .   a - +2 cloak of the Spider Nest {rN++ Will++ Int-4}
rCorr   .          Rampage  .   (gloves unavailable)
Will    +++..                   s - +2 pair of boots
Stlth   ..........              y - amulet of reflection
HPRegen 1.35/turn               A - ring "Adalo" {Fly rC++ EV+4 Dex+2}
MPRegen 0.44/turn               l - ring "Pivuinil" {rElec Str-5 Int+4 Slay+4 SInv}

@: about to teleport, heroic, marked, flying, constricted, repel missiles
A: repulsion field 3, powered by death 2, robust 3, magic shield, magic
regeneration, magic link, demonic touch 3, wild magic 1
}: 3/15 runes: barnacled, silver, gossamer
a: Renounce Religion, Heroism, Finesse, Duel


You were on level 1 of the Realm of Zot.
You worshipped Okawaru.
Okawaru was extremely pleased with you.
You visited 9 branches of the dungeon, and saw 41 of its levels.

You collected 5170 gold pieces.
You spent 4871 gold pieces at shops.


Innate Abilities, Weirdness & Mutations

You are surrounded by a strong repulsion field. (EV +4, RMsl)
You regenerate health from kills.
You are extremely robust. (+30% HP)
When hurt, damage is shared between your health and your magic reserves.
You regenerate magic rapidly.
When low on magic, you restore magic in place of health.
Your touch may irresistibly damage your foes and sap their willpower.
Your spells are a little harder to cast, but a little more powerful.


   Skills:
 - Level 21.9(26.9) Fighting
 - Level 18.0(23.0) Axes
 - Level 14.0(19.0) Throwing
 + Level 17.9(22.9) Armour
 - Level 9.0(14.0) Dodging
 - Level 20.0(25.0) Shields
 - Level 1.0 Spellcasting
 - Level 2.6 Fire Magic
 - Level 10.0 Invocations


You had 25 spell levels left.
You didn't know any spells.
Your spell library contained the following spells:

 Spells                   Type           Power      Damage    Failure   Level
 Scorch                   Fire           24%        2d6       98%         2

Inventory:

Hand Weapons
 F - a +6 vampiric broad axe (weapon)
Missiles
 i - 26 javelins (quivered)
 x - 5 silver javelins
Armour
 a - the +2 cloak of the Spider Nest (worn) {rN++ Will++ Int-4}
   (Okawaru gifted it to you on level 5 of the Lair of Beasts)

   Int:       It affects your intelligence (-4).
   rN:        It greatly protects you from negative energy.
   Will:      It greatly increases your willpower.
 e - the +3 hat "Hied" (worn) {rF- Regen+ Slay+5}
   (Okawaru gifted it to you on level 1 of the Depths)

   Slay:      It affects your accuracy & damage with ranged weapons and melee
   (+5).
   rF:        It makes you vulnerable to fire.
   Regen:     It increases your rate of health regeneration.
 f - a +3 plate armour of poison resistance
 k - the +3 crown of Dyrovepreva {rElec Int+2 SInv}
   (Okawaru gifted it to you on level 2 of the Vaults)

   Int:       It affects your intelligence (+2).
   rElec:     It insulates you from electricity.
   SInv:      It lets you see invisible.
 m - a +2 tower shield (worn)
 q - +0 gold dragon scales (worn)
 s - a +2 pair of boots (worn)
 v - a +7 plate armour of ponderousness
 w - a +2 helmet of see invisible
 z - the +8 plate armour of Instinct {Harm Str-2 Int+4}
   (You bought it in a shop on level 14 of the Dungeon)

   Str:       It affects your strength (-2).
   Int:       It affects your intelligence (+4).
   Harm:      It increases damage dealt and taken.
Jewellery
 c - a +4 ring of protection
 j - the ring "Naodwife" {Ice rN+ Int+3 Dex+4}
   (You bought it in a shop on level 3 of the Shoals)

   [ring of ice]

   It enhances your ice magic.
   Int:       It affects your intelligence (+3).
   Dex:       It affects your dexterity (+4).
   rF:        It makes you vulnerable to fire.
   rC:        It protects you from cold.
   rN:        It protects you from negative energy.
 l - the ring "Pivuinil" (right hand) {rElec Str-5 Int+4 Slay+4 SInv}
   (You bought it in a shop on level 3 of the Shoals)

   [ring of slaying]

   Str:       It affects your strength (-5).
   Int:       It affects your intelligence (+4).
   Slay:      It affects your accuracy & damage with ranged weapons and melee
   (+4).
   rElec:     It insulates you from electricity.
   SInv:      It lets you see invisible.
 n - a ring of protection from fire
 y - an amulet of reflection (around neck)
 A - the ring "Adalo" (left hand) {Fly rC++ EV+4 Dex+2}
   (You found it on level 4 of the Depths)

   [ring of evasion]

   EV:        It affects your evasion (+4).
   Dex:       It affects your dexterity (+2).
   rC:        It greatly protects you from cold.
   Fly:       It grants you flight.
 B - the ring of Light {rF- Str+3 Dex+6 Stlth+}
   (You took it off a merfolk javelineer on level 4 of the Shoals)

   [ring of dexterity]

   Str:       It affects your strength (+3).
   Dex:       It affects your dexterity (+6).
   rF:        It makes you vulnerable to fire.
   Stlth:     It makes you more stealthy.
 Y - the ring "Mifyifuf" {rF++ Str+6 Dex-3}
   (You found it on level 1 of the Spider Nest)

   [ring of strength]

   Str:       It affects your strength (+6).
   Dex:       It affects your dexterity (-3).
   rF:        It greatly protects you from fire.
Scrolls
 b - 34 scrolls of identify
 t - 15 scrolls of teleportation
Potions
 d - 3 potions of might
 g - 6 potions of haste
 o - 7 potions of curing
 p - 3 potions of magic
 r - 6 potions of mutation

Dungeon Overview and Level Annotations

Branches:
Dungeon (15/15)            Temple (1/1) D:6            Lair (5/5) D:9
 Shoals (4/4) Lair:3       Spider (4/4) Lair:2        Slime (0/5) Lair:5
    Orc (2/2) D:10            Elf (0/3) Orc:2        Vaults (5/5) D:14
  Crypt (0/3) Vaults:3     Depths (4/4) D:15            Zot (1/5) Depths:4

Altars:
Ashenzari
Cheibriados
Dithmenos
Fedhas
Gozag
Hepliaklqana
Kikubaaqudgha
Makhleb
Nemelex Xobeh
Okawaru
Qazlal
Ru
Sif Muna
Trog
Uskayaw
Vehumet
Wu Jian
Xom
Yredelemnul
Jiyva

Shops:
D:3 :   D:14 *   Orc:2 *:([   Shoals:1 *   Shoals:3 [=

Portals:
Hell: Depths:1 Depths:2 Depths:3 Depths:4
Abyss: Depths:3
Pandemonium: Depths:1 Depths:2 Depths:4
Ziggurat: Depths:2

Annotations:
D:4 3 runed translucent doors, qw's ghost, amateur GrFi
D:7 2 runed translucent doors, qw's ghost, novice GrBe
D:13 1 runed translucent door, qw's ghost, journeyman MiFi
D:14 3 runed translucent doors, Cofimnas's ghost, journeyman FoFi
Lair:1 1 runed translucent door
Lair:3 1 runed translucent door, qw's ghost, journeyman MiBe
Vaults:2 3 runed translucent doors, vegansnacktivist's ghost, adept DDFi
Depths:4 6 runed translucent doors


Message History

The golden dragon tramples you but does no damage.
You block the black draconian's attack.
You slash the tentacled monstrosity!
The tentacled monstrosity is moderately wounded.
You slash the golden dragon!
You completely miss the purple draconian.
You block the purple draconian's attack.
You block the tentacled monstrosity's attack.
The tentacled monstrosity tentacle-slaps you but does no damage.
The tentacled monstrosity tentacle-slaps you!
The tentacled monstrosity constricts you.
You block the golden dragon's attack. x2; The golden dragon tramples you!!
You are held in place!
The black draconian hits you from afar with a +0 halberd!
A shadow dragon comes into view.
You slash the tentacled monstrosity!
The tentacled monstrosity is heavily wounded.
You completely miss the golden dragon. You slice the purple draconian!!
You feel better.
You feel like a meek peon again.
You block the purple draconian's attack.
The tentacled monstrosity tentacle-slaps you but does no damage.
The tentacled monstrosity tentacle-slaps you!
The tentacled monstrosity tentacle-slaps you but does no damage.
The tentacled monstrosity constricts you.
The golden dragon bites you! You block the golden dragon's attack.
The golden dragon barely misses you. The black draconian closely misses you.
51029 ||| INVOKING Heroism.
You gain the combat prowess of a mighty hero.
The purple draconian closely misses you.
You block the tentacled monstrosity's attack. x3
The tentacled monstrosity constricts you.
The golden dragon bites you but does no damage.
The golden dragon claws you!
The golden dragon tramples you but does no damage.
The black draconian misses you.
The purple draconian hits you with a +0 dire flail!
The tentacled monstrosity barely misses you.
The tentacled monstrosity tentacle-slaps you!
You die...

##.......#....#
##.#.(#.#...#
..####.....#
##..#....## #.......##
# ##.....## ######.
##...#### ##..#...
#.#.#$.## #...#...
#.#.d@).# #...d...
..#.)XD## ##))...#
.#.##.dyyD.....#.[(d.##
#.#. #...##....##.\)###
# ###.. ....##### ##..
### #.. ... ##


You could see a shadow dragon, a tentacled monstrosity (berserk), a golden
dragon (berserk), a black draconian (berserk), a purple draconian (berserk) and
2 moths of wrath.

Vanquished Creatures
  A dread lich (Vaults:5)
  An ancient lich (Vaults:5)
  Mara (Spider:4)
  2 juggernauts
  Vv (Zot:1)
  3 caustic shrikes
  6 golden dragons
  A bone dragon (Depths:4)
  Arachne (Spider:2)
  Nikola (Spider:3)
  An electric golem (Zot:1)
  7 tentacled monstrosities
  Rupert (D:14)
  Jorgrun (Spider:2)
  2 quicksilver dragons
  A walking crystal tome (Depths:2)
  Asterion (Depths:1)
  6 liches
  3 titans
  4 sphinxes
  5 shadow dragons
  5 tengu reavers
  3 storm dragons
  Donald (Shoals:3)
  2 draconian monks
  10 fire giants
  13 frost giants
  17 vault wardens
  Aizul (Spider:2)
  2 draconian scorchers
  Louise (Depths:3)
  13 emperor scorpions
  A caustic shrike zombie (Depths:2)
  4 orc warlords
  3 iron dragons
  A ghost moth (shapeshifter) (Vaults:5)
  6 ghost moths
  A draconian shifter (Zot:1)
  A draconian annihilator (Zot:1)
  3 spriggan defenders
  7 war gargoyles
  19 stone giants
  24 ironbound preservers
  9 ironbound thunderhulks
  6 green draconians (Zot:1)
  Nessos (Orc:2)
  17 very ugly things
  4 broodmothers
  A vampire knight (Depths:2)
  19 dire elephants
  9 entropy weavers
  A black draconian (Depths:4)
  A lorocyproca (Depths:4)
  A yellow draconian (Zot:1)
  8 spark wasps
  A red draconian (Zot:1)
  2 deep elf annihilators
  2 purple draconians
  5 white draconians
  11 merfolk impalers
  Josephine (Shoals:1)
  9 ettins
  11 fire dragons
  3 crystal guardians
  3 merfolk javelineers
  13 yaktaur captains
  2 jiangshi (Depths:2)
  5 great orbs of eyes
  A deep elf high priest (Vaults:5)
  6 rakshasas
  38 vault guards
  12 boulder beetles
  2 jorogumos
  9 ice dragons
  4 peacekeepers
  12 ironbound frosthearts
  2 ogre magi
  7 hydras
  6 spriggan air magi
  14 centaur warriors
  A spriggan skeleton (Depths:2)
  An alligator snapping turtle (Shoals:4)
  5 radroaches
  4 two-headed ogres
  4 merfolk avatars
  5 merfolk aquamancers
  12 deep troll shamans
  9 deep troll earth magi
  3 death yaks (Lair:4)
  4 vampire magi
  2 orc high priests (Orc:2)
  Urug (D:14)
  6 tengu warriors
  3 spriggan berserkers
  6 soul eaters
  2 spriggans
  4 emperor scorpion zombies (Spider:3)
  4 sun demons (Depths:1)
  17 hell knights
  3 pharaoh ants
  8 sea snakes
  A sun moth (Spider:3)
  11 iron trolls
  A goliath frog (shapeshifter) (Vaults:5)
  A shadow demon (Depths:2)
  A quicksilver dragon simulacrum (Depths:2)
  2 ghost moth zombies (Spider:3)
  10 steelbarb worms
  An orb spider (shapeshifter) (Vaults:5)
  A swamp dragon (Lair:5)
  13 orb spiders
  11 orc knights
  2 glowing orange brains
  98 deep trolls
  6 wizards
  A flayed ghost (Vaults:5)
  11 necromancers
  9 harpies
  7 phantasmal warriors
  A deep elf pyromancer (D:14)
  36 wolf spiders
  A jorogumo zombie (Spider:3)
  8 orc sorcerers
  22 ironbound convokers
  A fire giant zombie (Depths:2)
  A tengu skeleton (Depths:1)
  12 manticores
  11 lindwurms
  2 stone giant zombies
  A manticore (shapeshifter) (Vaults:5)
  36 ugly things
  2 fauns
  3 cyclopes
  A salamander (Depths:1)
  A stone giant skeleton (Depths:1)
  22 elephants
  5 moths of wrath
  12 black mambas
  8 merfolk sirens
  17 vault sentinels
  7 water nymphs
  3 smoke demons (Depths:1)
  5 gargoyles
  A hellion (Depths:1)
  19 cane toads
  An unseen horror (D:11)
  An orange demon (Depths:2)
  5 torpor snails
  Maggie (D:8)
  16 demonic crawlers
  8 komodo dragons
  Psyche (D:8)
  5 rime drakes
  3 freezing wraiths
  27 yaktaurs
  4 tengu conjurers
  5 trolls
  A golden dragon simulacrum (Depths:1)
  3 meliai (D:15)
  A tyrant leech (shapeshifter) (Vaults:5)
  17 merfolk
  13 wind drakes
  2 radroach zombies (Spider:3)
  A red devil (Depths:1)
  31 tarantellas
  3 polar bears
  8 blink frogs
  8 hornets
  31 slime creatures
  10 dream sheep
  An ettin zombie (Depths:1)
  8 snapping turtles
  A shadow (D:10)
  21 culicivoras
  23 jumping spiders
  17 water elementals
  5 air elementals (Shoals:4)
  A ynoxinul (Depths:2)
  2 vampires
  8 wraiths
  A yak (shapeshifter) (D:14)
  9 fire elementals
  56 yaks
  11 wyverns
  16 humans (D:14)
  4 chaos spawn
  9 basilisks
  2 steam dragons (Lair:5)
  A neqoxec (Depths:2)
  7 vampire mosquitoes
  76 redbacks
  2 acid dragons
  2 swamp worms (D:9)
  6 wargs
  A swamp worm (shapeshifter) (D:15)
  30 orc warriors
  20 water moccasins
  A human skeleton (Depths:2)
  4 black bears
  A sky beast (D:6)
  5 ice beasts
  3 swamp drakes (Lair:5)
  10 boggarts
  2 centaurs
  An ettin simulacrum (Depths:1)
  21 wolves
  13 ogres
  A phantom (D:7)
  2 kobold brigands
  9 bullfrogs
  6 necrophages
  A wyvern zombie (D:8)
  28 scorpions
  14 wights
  14 killer bees
  4 howler monkeys
  3 electric eels
  4 hounds
  2 jellies
  2 gnoll boudas
  12 orc priests
  Ijyb (D:3)
  4 iguanas
  28 orc wizards
  13 hell rats
  A killer bee zombie (D:8)
  8 gnolls
  4 adders
  10 river rats (D:10)
  A worm (D:2)
  11 dart slugs
  79 orcs
  2 ball pythons
  4 endoplasms
  6 giant cockroaches
  8 goblins
  9 hobgoblins
  2 quokkas
  7 bats
  3 frilled lizards
  14 kobolds
  16 rats
  A bush (D:8)
  A fungus (Orc:2)
1917 creatures vanquished.

Vanquished Creatures (others)
  A cyclops (Shoals:4)
  A wizard (D:4)
  An ugly thing (Depths:1)
  An efreet (D:15)
  A dream sheep (Shoals:2)
  A kobold (D:8)
  A bush (D:8)
  36 fungi
  98 plants
  8 toadstools (Lair:1)
  6 withered plants (D:4)
155 creatures vanquished.

Grand Total: 2072 creatures vanquished

Notes
Turn   | Place    | Note
-------+----------+-------------------------------------------
     0 | D:1      | qw the Demonspawn Cinder Acolyte began the quest for the
                  | Orb.
     0 | D:1      | Reached XP level 1. HP: 18/18 MP: 2/2
     0 | D:1      | 0 ||| qw: Version: 0.1-a-113-g051387a
     0 | D:1      | 0 ||| qw: Game counter: 6989
     0 | D:1      | 0 ||| qw: Always use a shield: true
     0 | D:1      | 0 ||| qw: God list: Okawaru
     0 | D:1      | 0 ||| qw: Allow faded altars: false
     0 | D:1      | 0 ||| qw: Do Orc after D:15 true
     0 | D:1      | 0 ||| qw: Do second Lair branch before Depths: true
     0 | D:1      | 0 ||| qw: Lair rune preference: random
     0 | D:1      | 0 ||| qw: Plans: Normal
     0 | D:1      | 0 ||| PLANNING D:1-11
   194 | D:1      | 194 ||| Stepping ~*~*~tactically~*~*~ (stealth).
   197 | D:1      | 197 ||| Stepping ~*~*~tactically~*~*~ (stealth).
   199 | D:1      | Reached skill level 3 in Axes
   202 | D:1      | 202 ||| Stepping ~*~*~tactically~*~*~ (stealth).
   368 | D:1      | Gained mutation: You regenerate magic rapidly. [demonic
                  | ancestry]
   368 | D:1      | Reached XP level 2. HP: 21/24 MP: 3/3
   919 | D:1      | 919 ||| UPGRADING to +0 leather armour.
   929 | D:1      | 929 ||| DROPPING +0 robe.
   930 | D:1      | 930 ||| UPGRADING to +0 helmet.
   935 | D:1      | 935 ||| DROPPING ring of wizardry.
   936 | D:1      | 936 ||| READING scroll labelled LEOCOM MAEMUN.
   937 | D:1      | 937 ||| READING scroll labelled VEAKARRA YGEST.
   938 | D:1      | 938 ||| DRINKING 3 lumpy clear potions.
  1039 | D:1      | 1039 ||| DROPPING 2 potions of ambrosia.
  1361 | D:2      | 1361 ||| Stepping ~*~*~tactically~*~*~ (hiding).
  1368 | D:2      | Gained mutation: You regenerate a little health from kills.
                  | [demonic ancestry]
  1368 | D:2      | Reached XP level 3. HP: 25/29 MP: 4/4
  1428 | D:2      | Found a faded altar of an unknown god.
  1795 | D:2      | Reached skill level 1 in Dodging
  1800 | D:2      | Identified the +6 short sword of the Crypt {flame, rPois
                  | rN+ Will+ Str+3}
  2004 | D:2      | 2004 ||| READING scroll labelled BAQ LEAJICZYSCH.
  2005 | D:2      | 2005 ||| READING scroll labelled GOG IN DOPTOU.
  2006 | D:2      | 2006 ||| DRINKING 2 bubbling silvery potions.
  2035 | D:3      | 2035 ||| STAIRDANCE
  2040 | D:3      | 2040 ||| STAIRDANCE
  2154 | D:3      | Reached XP level 4. HP: 35/35 MP: 5/5
  2340 | D:3      | Noticed Ijyb
  2341 | D:3      | 2341 ||| Stepping ~*~*~tactically~*~*~ (hiding).
  2342 | D:3      | 2342 ||| Stepping ~*~*~tactically~*~*~ (hiding).
  2349 | D:3      | 2349 ||| INVOKING Fiery Armour.
  2349 | D:3      | HP: 8/35 [Ijyb/+0 dagger (4)]
  2352 | D:3      | Killed Ijyb
  2601 | D:3      | Found Muemil's Book Shoppe.
  2655 | D:3      | Found a broken altar of Ashenzari.
  2662 | D:3      | 2662 ||| Stepping ~*~*~tactically~*~*~ (stealth).
  2882 | D:3      | 2882 ||| UPGRADING to amulet of regeneration.
  2887 | D:3      | 2887 ||| READING scroll labelled TOCUEZ KOEDATO.
  2888 | D:3      | 2888 ||| READING scroll labelled SARGHESHIFYA.
  2889 | D:3      | 2889 ||| DRINKING 2 silvery potions.
  2935 | D:3      | 2935 ||| READING 2 scrolls of identify.
  2935 | D:3      | 2935 ||| IDENTIFYING black potion
  2936 | D:3      | 2936 ||| DROPPING potion of lignification.
  2992 | D:4      | Reached XP level 5. HP: 41/41 MP: 6/6
  3090 | D:4      | Found an opulent altar of Gozag.
  3383 | D:4      | 3383 ||| Stepping ~*~*~tactically~*~*~ (hiding).
  3518 | D:4      | Noticed a black bear
  3531 | D:4      | 3531 ||| INVOKING Fiery Armour.
  3534 | D:4      | Killed a black bear
  3535 | D:4      | Reached skill level 6 in Axes
  3535 | D:4      | Reached XP level 6. HP: 24/47 MP: 7/7
  3650 | D:4      | Found a bloodstained altar of Trog.
  3657 | D:4      | Found a runed translucent gate.
  3658 | D:4      | Found a runed translucent gate.
  3658 | D:4      | Found a runed translucent gate.
  3659 | D:4      | Noticed qw's ghost (amateur GrFi)
  3660 | D:4      | Noticed qw's ghost (amateur GrFi)
  4111 | D:4      | Noticed a wizard
  4114 | D:4      | Killed a wizard
  4138 | D:4      | 4138 ||| UPGRADING to +0 ring mail.
  4148 | D:4      | 4148 ||| DROPPING +0 leather armour.
  4149 | D:4      | 4149 ||| UPGRADING to +0 scale mail.
  4159 | D:4      | 4159 ||| DROPPING +0 ring mail.
  4160 | D:4      | 4160 ||| UPGRADING to +6 ring of strength.
  4161 | D:4      | 4161 ||| READING 2 scrolls labelled JIACVO NUAZE.
  4202 | D:4      | 4202 ||| READING scroll labelled EJEABL HUUNUTZUDGH.
  4223 | D:5      | Entered Level 5 of the Dungeon
  4303 | D:5      | Noticed an ice beast
  4329 | D:5      | 4329 ||| INVOKING Fiery Armour.
  4333 | D:5      | Killed an ice beast
  4400 | D:5      | 4400 ||| FLEEEEING.
  4401 | D:5      | 4401 ||| FLEEEEING.
  4402 | D:5      | 4402 ||| FLEEEEING.
  4404 | D:5      | 4404 ||| FLEEEEING.
  4405 | D:5      | 4405 ||| FLEEEEING.
  4407 | D:5      | 4407 ||| FLEEEEING.
  4408 | D:5      | 4408 ||| FLEEEEING.
  4409 | D:5      | 4409 ||| FLEEEEING.
  4410 | D:5      | 4410 ||| FLEEEEING.
  4432 | D:5      | Reached skill level 4 in Fighting
  4432 | D:5      | Gained mutation: You are surrounded by a mild repulsion
                  | field. (EV +2) [demonic ancestry]
  4432 | D:5      | Reached XP level 7. HP: 54/54 MP: 8/8
  4484 | D:5      | Found an ornate altar of the Wu Jian Council.
  4756 | D:5      | 4756 ||| Stepping ~*~*~tactically~*~*~ (stealth).
  4759 | D:5      | 4759 ||| Stepping ~*~*~tactically~*~*~ (stealth).
  4763 | D:5      | 4763 ||| Stepping ~*~*~tactically~*~*~ (hiding).
  4765 | D:5      | 4765 ||| Stepping ~*~*~tactically~*~*~ (hiding).
  4775 | D:5      | 4775 ||| DRINKING potion of curing.
  4775 | D:5      | 4775 ||| (to cure confusion)
  4945 | D:5      | Found a hazy altar of Hepliaklqana.
  5087 | D:5      | 5087 ||| DROPPING amulet of magic regeneration.
  5088 | D:5      | 5088 ||| READING scroll labelled EDDOICUPUNE.
  5115 | D:5      | 5115 ||| READING scroll labelled HULUEMUROMP.
  5116 | D:5      | 5116 ||| DRINKING 3 purple potions.
  5117 | D:5      | 5117 ||| DRINKING 2 brown potions.
  5118 | D:5      | 5118 ||| READING 2 scrolls of identify.
  5118 | D:5      | 5118 ||| IDENTIFYING fizzy puce potion
  5119 | D:5      | 5119 ||| DROPPING 2 potions of attraction.
  5120 | D:5      | 5120 ||| DROPPING potion of flight.
  5262 | D:6      | HP: 13/54 [black bear (1)]
  5263 | D:6      | 5263 ||| READING 2 scrolls of teleportation.
  5264 | D:6      | 5264 ||| INVOKING Fiery Armour.
  5264 | D:6      | HP: 6/54 [black bear (3)]
  5284 | D:6      | 5284 ||| FLEEEEING.
  5285 | D:6      | 5285 ||| FLEEEEING.
  5334 | D:6      | 5334 ||| Stepping ~*~*~tactically~*~*~ (stealth).
  5351 | D:6      | Gained mutation: When hurt, damage is shared between your
                  | health and your magic reserves. [demonic ancestry]
  5351 | D:6      | Reached XP level 8. HP: 58/60 MP: 9/9
  5371 | D:6      | 5371 ||| Stepping ~*~*~tactically~*~*~ (hiding).
  5373 | D:6      | 5373 ||| Stepping ~*~*~tactically~*~*~ (hiding).
  5374 | D:6      | 5374 ||| Stepping ~*~*~tactically~*~*~ (hiding).
  5378 | D:6      | 5378 ||| Stepping ~*~*~tactically~*~*~ (hiding).
  5381 | D:6      | 5381 ||| Stepping ~*~*~tactically~*~*~ (hiding).
  5385 | D:6      | 5385 ||| Stepping ~*~*~tactically~*~*~ (hiding).
  5404 | D:6      | Reached skill level 5 in Fighting
  5405 | D:6      | HP: 11/62 [ice beast (8)]
  5411 | D:6      | 5411 ||| INVOKING Fiery Armour.
  5467 | D:6      | Found a staircase to the Ecumenical Temple.
  5578 | D:6      | 5578 ||| Stepping ~*~*~tactically~*~*~ (stealth).
  5590 | D:6      | Reached skill level 9 in Axes
  5678 | D:6      | 5678 ||| UPGRADING to +0 chain mail.
  5688 | D:6      | 5688 ||| UPGRADING to +0 plate armour.
  5698 | D:6      | 5698 ||| DROPPING +0 chain mail.
  5699 | D:6      | 5699 ||| DROPPING +0 scale mail.
  5700 | D:6      | 5700 ||| UPGRADING to ring of protection from fire.
  5859 | D:7      | Reached skill level 3 in Armour
  5865 | D:7      | 5865 ||| Stepping ~*~*~tactically~*~*~ (hiding).
  5870 | D:7      | 5870 ||| Stepping ~*~*~tactically~*~*~ (hiding).
  5994 | D:7      | 5994 ||| FLEEEEING.
  5995 | D:7      | 5995 ||| FLEEEEING.
  5996 | D:7      | 5996 ||| STAIRDANCE
  6013 | D:6      | 6013 ||| READING scroll labelled QOLUC ZIBURGH.
  6014 | D:6      | 6014 ||| DRINKING 2 fizzy purple potions.
  6015 | D:6      | 6015 ||| DRINKING 2 viscous sapphire potions.
  6050 | D:7      | 6050 ||| INVOKING Fiery Armour.
  6076 | D:7      | 6076 ||| Stepping ~*~*~tactically~*~*~ (water).
  6221 | D:7      | Reached skill level 1 in Throwing
  6387 | D:7      | Found a radiant altar of Vehumet.
  6398 | D:7      | Found an ancient bone altar of Kikubaaqudgha.
  6399 | D:7      | Found a shimmering blue altar of Sif Muna.
  6474 | D:7      | Found a large runed translucent door.
  6474 | D:7      | Found a large runed translucent door.
  6479 | D:7      | Noticed qw's ghost (novice GrBe)
  6597 | D:7      | Found a shimmering altar of Xom.
  6629 | D:7      | Gained mutation: You are surrounded by a moderate repulsion
                  | field. (EV +3) [demonic ancestry]
  6629 | D:7      | Reached XP level 9. HP: 66/68 MP: 10/10
  6726 | D:7      | 6726 ||| DRINKING 2 clear potions.
  6727 | D:7      | 6727 ||| READING 2 scrolls of identify.
  6727 | D:7      | 6727 ||| IDENTIFYING viscous purple potion
  6728 | D:7      | 6728 ||| DROPPING potion of degeneration.
  6762 | D:8      | 6762 ||| Stepping ~*~*~tactically~*~*~ (hiding).
  6768 | D:8      | 6768 ||| Stepping ~*~*~tactically~*~*~ (hiding).
  6826 | D:8      | Reached skill level 6 in Fighting
  6831 | D:8      | 6831 ||| SWAPPING to +3 war axe of freezing.
  6837 | D:8      | 6837 ||| Stepping ~*~*~tactically~*~*~ (hiding).
  6842 | D:8      | 6842 ||| Stepping ~*~*~tactically~*~*~ (hiding).
  6853 | D:8      | HP: 16/66 [wight/+3 halberd (9)]
  6854 | D:8      | 6854 ||| READING scroll of teleportation.
  6855 | D:8      | 6855 ||| INVOKING Fiery Armour.
  6863 | D:8      | 6863 ||| Stepping ~*~*~tactically~*~*~ (stealth).
  6865 | D:8      | 6865 ||| Stepping ~*~*~tactically~*~*~ (stealth).
  6870 | D:8      | 6870 ||| Stepping ~*~*~tactically~*~*~ (stealth).
  7014 | D:8      | Noticed Psyche
  7022 | D:8      | Reached skill level 7 in Fighting
  7026 | D:8      | Noticed Maggie
  7027 | D:8      | Killed Psyche
  7028 | D:8      | 7028 ||| Stepping ~*~*~tactically~*~*~ (hiding).
  7042 | D:8      | Killed Maggie
  7179 | D:8      | Found a blossoming altar of Fedhas.
  7575 | D:8      | 7575 ||| INVOKING Fiery Armour.
  7586 | D:8      | 7586 ||| UPGRADING to +2 swamp dragon scales.
  7606 | D:8      | 7606 ||| UPGRADING to +2 pair of boots.
  7611 | D:8      | 7611 ||| READING scroll labelled NAFILU YGOADO.
  7612 | D:8      | 7612 ||| DRINKING 2 glowing inky potions.
  7613 | D:8      | 7613 ||| DROPPING potion of magic.
  7616 | D:8      | Gained mutation: Your touch may inflict minor irresistible
                  | damage on your foes. [demonic ancestry]
  7616 | D:8      | Reached XP level 10. HP: 79/79 MP: 11/11
  7731 | D:8      | 7731 ||| READING 2 scrolls of identify.
  7731 | D:8      | 7731 ||| IDENTIFYING lumpy silvery potion
  7732 | D:8      | 7732 ||| DROPPING potion of invisibility.
  7793 | D:9      | 7793 ||| FLEEEEING.
  7797 | D:9      | Reached skill level 3 in Throwing
  7801 | D:9      | 7801 ||| INVOKING Fiery Armour.
  7864 | D:9      | Reached skill level 8 in Fighting
  7878 | D:9      | Found a stormy altar of Qazlal.
  7966 | D:9      | 7966 ||| Stepping ~*~*~tactically~*~*~ (stealth).
  7968 | D:9      | 7968 ||| Stepping ~*~*~tactically~*~*~ (hiding).
  7998 | D:9      | Noticed an elephant
  8000 | D:9      | 8000 ||| Stepping ~*~*~tactically~*~*~ (stealth).
  8003 | D:9      | 8003 ||| Stepping ~*~*~tactically~*~*~ (hiding).
  8011 | D:9      | Killed an elephant
  8018 | D:9      | 8018 ||| DRINKING 2 potions of cancellation.
  8019 | D:9      | 8019 ||| DRINKING potion of cancellation.
  8031 | D:9      | Found a staircase to the Lair.
  8060 | D:9      | 8060 ||| Stepping ~*~*~tactically~*~*~ (stealth).
  8062 | D:9      | 8062 ||| Stepping ~*~*~tactically~*~*~ (hiding).
  8063 | D:9      | 8063 ||| Stepping ~*~*~tactically~*~*~ (hiding).
  8124 | D:9      | Reached skill level 12 in Axes
  8313 | D:9      | Reached skill level 3 in Dodging
  8588 | D:9      | 8588 ||| Stepping ~*~*~tactically~*~*~ (hiding).
  8598 | D:9      | 8598 ||| INVOKING Fiery Armour.
  8660 | D:9      | 8660 ||| PLANNING LAIR
  8660 | D:9      | 8660 ||| DROPPING ring of flight.
  8661 | D:9      | 8661 ||| UPGRADING to +4 ring of protection.
  8663 | D:9      | 8663 ||| UPGRADING to +6 ring of strength.
  8665 | D:9      | 8665 ||| READING scroll labelled QOXOUV BATYGGU.
  8703 | Lair:1   | Entered Level 1 of the Lair of Beasts
  8755 | Lair:1   | 8755 ||| INVOKING Fiery Armour.
  8765 | Lair:1   | Noticed a black mamba
  8765 | Lair:1   | Noticed a cane toad
  8766 | Lair:1   | Reached XP level 11. HP: 80/86 MP: 9/12
  8790 | Lair:1   | Reached skill level 9 in Fighting
  8977 | Lair:1   | Noticed a catoblepas
  8977 | Lair:1   | Noticed a lindwurm
  8999 | Lair:1   | Found a runed translucent door.
  9107 | Lair:1   | Noticed a seven-headed hydra
  9108 | Lair:1   | 9108 ||| INVOKING Fiery Armour.
  9110 | Lair:1   | 9110 ||| SWAPPING to +0 hand axe of flaming.
  9116 | Lair:1   | Killed a three-headed hydra
  9117 | Lair:1   | 9117 ||| SWAPPING to +3 war axe of freezing.
  9802 | Lair:1   | 9802 ||| READING scroll labelled POLIEW FIUBB.
  9852 | Lair:2   | Noticed a four-headed hydra
  9853 | Lair:2   | 9853 ||| INVOKING Fiery Armour.
  9857 | Lair:2   | 9857 ||| SWAPPING to +0 hand axe of flaming.
  9862 | Lair:2   | Killed a three-headed hydra
  9863 | Lair:2   | 9863 ||| SWAPPING to +3 war axe of freezing.
  9869 | Lair:2   | 9869 ||| Stepping ~*~*~tactically~*~*~ (water).
 10070 | Lair:2   | Reached skill level 10 in Fighting
 10083 | Lair:2   | Gained mutation: When low on magic, you restore magic in
                  | place of health. [demonic ancestry]
 10083 | Lair:2   | Reached XP level 12. HP: 85/97 MP: 9/13
 10124 | Lair:2   | 10124 ||| PLANNING TEMPLE
 10230 | Temple   | Entered the Ecumenical Temple
 10309 | Temple   | 10309 ||| PLANNING CONVERSION TO OKAWARU
 10316 | Temple   | Fell from the grace of Ignis
 10316 | Temple   | Became a worshipper of Warmaster Okawaru
 10317 | Temple   | 10317 ||| PLANNING LAIR
 10496 | Lair:2   | 10496 ||| Stepping ~*~*~tactically~*~*~ (stealth).
 10855 | Lair:2   | Reached * piety under Okawaru
 10876 | Lair:2   | 10876 ||| INVOKING Heroism.
 10884 | Lair:2   | Reached skill level 1 in Invocations
 10888 | Lair:2   | Identified the +8 rapier of Negywiz {protect, rPois Int+3}
 10962 | Lair:2   | Found a hole to the Spider Nest.
 10965 | Lair:2   | 10965 ||| READING 3 scrolls of teleportation.
 10966 | Lair:2   | 10966 ||| FLEEEEING.
 10967 | Lair:2   | 10967 ||| FLEEEEING.
 10968 | Lair:2   | 10968 ||| FLEEEEING.
 10978 | Lair:2   | 10978 ||| STAIRDANCE
 11280 | Lair:2   | 11280 ||| READING 2 scrolls of teleportation.
 11281 | Lair:2   | 11281 ||| FLEEEEING.
 11284 | Lair:2   | 11284 ||| FLEEEEING.
 11532 | Lair:2   | 11532 ||| READING scroll of teleportation.
 11533 | Lair:2   | 11533 ||| FLEEEEING.
 11534 | Lair:2   | 11534 ||| FLEEEEING.
 11535 | Lair:2   | 11535 ||| FLEEEEING.
 11536 | Lair:2   | 11536 ||| FLEEEEING.
 11607 | Lair:2   | 11607 ||| Stepping randomly (stuck).
 11608 | Lair:2   | 11608 ||| Stepping randomly (stuck).
 11609 | Lair:2   | 11609 ||| Stepping randomly (stuck).
 11610 | Lair:2   | 11610 ||| Stepping randomly (stuck).
 11621 | Lair:2   | 11621 ||| INVOKING Heroism.
 11751 | Lair:3   | 11751 ||| INVOKING Heroism.
 11753 | Lair:3   | 11753 ||| STAIRDANCE
 11770 | Lair:3   | 11770 ||| STAIRDANCE
 11796 | Lair:3   | 11796 ||| Stepping ~*~*~tactically~*~*~ (stealth).
 11797 | Lair:3   | 11797 ||| Stepping ~*~*~tactically~*~*~ (stealth).
 11804 | Lair:3   | Reached skill level 3 in Invocations
 11842 | Lair:3   | 11842 ||| Stepping ~*~*~tactically~*~*~ (hiding).
 11894 | Lair:3   | Found a staircase to the Shoals.
 11920 | Lair:3   | Reached ** piety under Okawaru
 11927 | Lair:3   | 11927 ||| INVOKING Heroism.
 11935 | Lair:3   | Found a runed translucent door.
 11943 | Lair:3   | Noticed qw's ghost (journeyman MiBe)
 12042 | Lair:3   | Reached skill level 15 in Axes
 12078 | Lair:3   | 12078 ||| FLEEEEING.
 12080 | Lair:3   | 12080 ||| FLEEEEING.
 12082 | Lair:3   | 12082 ||| INVOKING Heroism.
 12089 | Lair:3   | 12089 ||| Stepping ~*~*~tactically~*~*~ (stealth).
 12237 | Lair:3   | 12237 ||| INVOKING Heroism.
 12266 | Lair:3   | 12266 ||| INVOKING Heroism.
 12655 | Lair:3   | 12655 ||| READING 2 scrolls labelled CAQOGE FEQEMIH.
 12656 | Lair:3   | 12656 ||| READING scroll labelled HOTAEL XIECKA.
 12657 | Lair:3   | 12657 ||| DROPPING scroll of fear.
 12662 | Lair:4   | Noticed a five-headed hydra
 12663 | Lair:4   | 12663 ||| INVOKING Heroism.
 12666 | Lair:4   | 12666 ||| SWAPPING to +0 hand axe of flaming.
 12670 | Lair:4   | 12670 ||| STAIRDANCE
 12674 | Lair:3   | Killed a one-headed hydra
 12675 | Lair:3   | 12675 ||| SWAPPING to +3 war axe of freezing.
 12713 | Lair:4   | 12713 ||| INVOKING Heroism.
 12733 | Lair:4   | 12733 ||| Stepping ~*~*~tactically~*~*~ (stealth).
 12736 | Lair:4   | 12736 ||| Stepping ~*~*~tactically~*~*~ (stealth).
 12738 | Lair:4   | 12738 ||| Stepping ~*~*~tactically~*~*~ (stealth).
 12740 | Lair:4   | 12740 ||| INVOKING Heroism.
 12742 | Lair:4   | 12742 ||| Stepping ~*~*~tactically~*~*~ (stealth).
 12756 | Lair:4   | 12756 ||| Stepping ~*~*~tactically~*~*~ (stealth).
 12758 | Lair:4   | Reached *** piety under Okawaru
 12761 | Lair:4   | 12761 ||| Stepping ~*~*~tactically~*~*~ (stealth).
 12767 | Lair:4   | 12767 ||| Stepping ~*~*~tactically~*~*~ (stealth).
 12807 | Lair:4   | 12807 ||| Stepping ~*~*~tactically~*~*~ (stealth).
 12812 | Lair:4   | Reached XP level 13. HP: 99/104 MP: 14/16
 12857 | Lair:4   | 12857 ||| Stepping ~*~*~tactically~*~*~ (hiding).
 12888 | Lair:4   | Reached **** piety under Okawaru
 12905 | Lair:4   | 12905 ||| INVOKING Heroism.
 12907 | Lair:4   | Reached skill level 11 in Fighting
 13063 | Lair:4   | 13063 ||| INVOKING Heroism.
 13112 | Lair:4   | 13112 ||| INVOKING Heroism.
 13133 | Lair:4   | Reached skill level 6 in Invocations
 13144 | Lair:4   | Identified the +4 flail of the Walnut {freeze, Str+3 Dex+2}
 13204 | Lair:4   | 13204 ||| INVOKING Heroism.
 13275 | Lair:4   | You fall into a shaft and drop 1 floor!
 13275 | Lair:5   | Entered Level 5 of the Lair of Beasts
 13276 | Lair:5   | 13276 ||| INVOKING Heroism.
 13284 | Lair:5   | 13284 ||| SWAPPING to +0 hand axe of flaming.
 13295 | Lair:5   | 13295 ||| SWAPPING to +3 war axe of freezing.
 13309 | Lair:5   | 13309 ||| INVOKING Heroism.
 13310 | Lair:5   | 13310 ||| SWAPPING to +0 hand axe of flaming.
 13320 | Lair:5   | Received a gift from Okawaru
 13321 | Lair:5   | Reached skill level 6 in Armour
 13321 | Lair:5   | 13321 ||| SWAPPING to +3 war axe of freezing.
 13378 | Lair:5   | Reached ***** piety under Okawaru
 13416 | Lair:5   | 13416 ||| INVOKING Heroism.
 13535 | Lair:5   | 13535 ||| UPGRADING to +0 pair of gloves.
 13558 | Lair:4   | 13558 ||| INVOKING Heroism.
 13733 | Lair:4   | You fall into a shaft and drop 1 floor!
 13734 | Lair:5   | 13734 ||| INVOKING Heroism.
 13736 | Lair:5   | 13736 ||| Stepping ~*~*~tactically~*~*~ (stealth).
 13793 | Lair:5   | 13793 ||| Stepping ~*~*~tactically~*~*~ (stealth).
 13795 | Lair:5   | 13795 ||| INVOKING Heroism.
 13800 | Lair:5   | Reached skill level 9 in Invocations
 13863 | Lair:5   | 13863 ||| Stepping ~*~*~tactically~*~*~ (stealth).
 13896 | Lair:5   | 13896 ||| Stepping ~*~*~tactically~*~*~ (stealth).
 13915 | Lair:5   | 13915 ||| Stepping ~*~*~tactically~*~*~ (stealth).
 13977 | Lair:5   | Identified the +2 cloak of the Spider Nest {rN++ Will++
                  | Int-4} (Okawaru gifted it to you on level 5 of the Lair of
                  | Beasts)
 13977 | Lair:5   | Received a gift from Okawaru
 14027 | Lair:5   | 14027 ||| INVOKING Heroism.
 14129 | Lair:5   | 14129 ||| INVOKING Heroism.
 14130 | Lair:5   | 14130 ||| SWAPPING to +0 hand axe of flaming.
 14144 | Lair:5   | 14144 ||| SWAPPING to +3 war axe of freezing.
 14210 | Lair:5   | 14210 ||| Stepping ~*~*~tactically~*~*~ (stealth).
 14217 | Lair:5   | 14217 ||| UPGRADING to +2 cloak of the Spider Nest {rN++
                  | Will++ Int-4}.
 14593 | Lair:5   | 14593 ||| Stepping ~*~*~tactically~*~*~ (stealth).
 14622 | Lair:5   | Reached XP level 14. HP: 113/113 MP: 21/21
 14647 | Lair:5   | 14647 ||| INVOKING Heroism.
 14648 | Lair:5   | 14648 ||| Stepping ~*~*~tactically~*~*~ (stealth).
 14681 | Lair:5   | 14681 ||| Stepping ~*~*~tactically~*~*~ (hiding).
 14692 | Lair:5   | Was forgiven by Ignis
 14693 | Lair:5   | 14693 ||| DRINKING 2 potions of curing.
 14693 | Lair:5   | 14693 ||| (to cure confusion)
 14694 | Lair:5   | 14694 ||| Stepping ~*~*~tactically~*~*~ (water).
 14696 | Lair:5   | 14696 ||| INVOKING Heroism.
 14717 | Lair:5   | 14717 ||| Stepping ~*~*~tactically~*~*~ (stealth).
 14718 | Lair:5   | 14718 ||| Stepping ~*~*~tactically~*~*~ (stealth).
 14739 | Lair:5   | Reached skill level 12 in Fighting
 14918 | Lair:5   | 14918 ||| Stepping ~*~*~tactically~*~*~ (stealth).
 14920 | Lair:5   | 14920 ||| INVOKING Heroism.
 15237 | Lair:5   | 15237 ||| Stepping ~*~*~tactically~*~*~ (stealth).
 15305 | Lair:5   | Found a viscous altar of Jiyva.
 15305 | Lair:5   | Found a staircase to the Slime Pits.
 15398 | Lair:5   | 15398 ||| Stepping randomly (cloudy).
 15410 | Lair:5   | Reached skill level 6 in Throwing
 15439 | Lair:5   | 15439 ||| INVOKING Heroism.
 15440 | Lair:5   | 15440 ||| INVOKING Finesse.
 15488 | Lair:5   | 15488 ||| READING scroll of enchant weapon.
 15488 | Lair:5   | 15488 ||| ENCHANTING +3 war axe of freezing.
 15497 | Lair:5   | 15497 ||| READING scroll of enchant weapon.
 15497 | Lair:5   | 15497 ||| ENCHANTING +4 war axe of freezing.
 15557 | Lair:5   | 15557 ||| Stepping ~*~*~tactically~*~*~ (stealth).
 15558 | Lair:5   | 15558 ||| Stepping ~*~*~tactically~*~*~ (stealth).
 15610 | Lair:5   | 15610 ||| INVOKING Heroism.
 15612 | Lair:5   | 15612 ||| Stepping ~*~*~tactically~*~*~ (stealth).
 15613 | Lair:5   | 15613 ||| Stepping ~*~*~tactically~*~*~ (stealth).
 15622 | Lair:5   | 15622 ||| Stepping ~*~*~tactically~*~*~ (stealth).
 15661 | Lair:5   | 15661 ||| PLANNING D:1-11
 15661 | Lair:5   | 15661 ||| READING 2 scrolls of identify.
 15661 | Lair:5   | 15661 ||| IDENTIFYING fizzy clear potion
 15662 | Lair:5   | 15662 ||| DROPPING potion of brilliance.
 15797 | D:10     | Entered Level 10 of the Dungeon
 15801 | D:10     | 15801 ||| Stepping ~*~*~tactically~*~*~ (hiding).
 15803 | D:10     | 15803 ||| Stepping ~*~*~tactically~*~*~ (hiding).
 15920 | D:10     | 15920 ||| Stepping ~*~*~tactically~*~*~ (stealth).
 15922 | D:10     | 15922 ||| Stepping ~*~*~tactically~*~*~ (stealth).
 15939 | D:10     | 15939 ||| Stepping ~*~*~tactically~*~*~ (stealth).
 15940 | D:10     | 15940 ||| Stepping ~*~*~tactically~*~*~ (stealth).
 15987 | D:10     | 15987 ||| INVOKING Heroism.
 16077 | D:10     | Found a staircase to the Orcish Mines.
 16098 | D:10     | 16098 ||| Stepping ~*~*~tactically~*~*~ (stealth).
 16101 | D:10     | 16101 ||| INVOKING Heroism.
 16102 | D:10     | 16102 ||| Stepping ~*~*~tactically~*~*~ (stealth).
 16604 | D:10     | 16604 ||| DROPPING ring of willpower.
 16605 | D:10     | 16605 ||| READING 2 scrolls of identify.
 16605 | D:10     | 16605 ||| IDENTIFYING fizzy cyan potion
 16699 | D:11     | 16699 ||| INVOKING Heroism.
 16816 | D:11     | 16816 ||| READING scroll of enchant armour.
 16816 | D:11     | 16816 ||| ENCHANTING +0 pair of gloves.
 16881 | D:11     | 16881 ||| READING scroll of enchant weapon.
 16881 | D:11     | 16881 ||| ENCHANTING +5 war axe of freezing.
 16950 | D:11     | 16950 ||| PLANNING D
 17269 | D:12     | Received a gift from Okawaru
 17286 | D:12     | 17286 ||| INVOKING Heroism.
 17384 | D:12     | 17384 ||| Stepping ~*~*~tactically~*~*~ (hiding).
 17387 | D:12     | 17387 ||| INVOKING Heroism.
 17388 | D:12     | 17388 ||| INVOKING Finesse.
 17416 | D:12     | Reached skill level 6 in Dodging
 17421 | D:12     | Noticed an orc warlord
 17422 | D:12     | 17422 ||| FLEEEEING.
 17478 | D:12     | 17478 ||| INVOKING Heroism.
 17479 | D:12     | 17479 ||| INVOKING Finesse.
 17479 | D:12     | Noticed an iron dragon
 17480 | D:12     | 17480 ||| Stepping ~*~*~tactically~*~*~ (stealth).
 17498 | D:12     | Killed an orc warlord
 17517 | D:12     | Killed an iron dragon
 17539 | D:12     | Noticed a fire giant
 17540 | D:12     | 17540 ||| Stepping ~*~*~tactically~*~*~ (stealth).
 17542 | D:12     | 17542 ||| Stepping ~*~*~tactically~*~*~ (hiding).
 17548 | D:12     | 17548 ||| INVOKING Heroism.
 17549 | D:12     | 17549 ||| INVOKING Finesse.
 17553 | D:12     | Killed a fire giant
 18205 | D:12     | 18205 ||| UPGRADING to +3 chain mail of cold resistance.
 18215 | D:12     | 18215 ||| UPGRADING to +0 kite shield.
 18220 | D:12     | 18220 ||| UPGRADING to amulet of reflection.
 18230 | D:12     | 18230 ||| DROPPING amulet of regeneration.
 18231 | D:12     | 18231 ||| READING 2 scrolls of identify.
 18231 | D:12     | 18231 ||| IDENTIFYING metallic green potion
 18232 | D:12     | 18232 ||| DROPPING potion of berserk rage.
 18269 | D:13     | 18269 ||| PLANNING GAUNTLET
 18269 | D:13     | 18269 ||| Stepping ~*~*~tactically~*~*~ (hiding).
 18280 | D:13     | Reached skill level 1 in Shields
 18326 | D:13     | 18326 ||| READING scroll of enchant armour.
 18326 | D:13     | 18326 ||| ENCHANTING +1 pair of gloves.
 18338 | D:13     | 18338 ||| READING scroll of enchant weapon.
 18338 | D:13     | 18338 ||| ENCHANTING +6 war axe of freezing.
 18400 | D:13     | 18400 ||| READING scroll of enchant armour.
 18400 | D:13     | 18400 ||| ENCHANTING +0 helmet.
 18452 | D:13     | 18452 ||| READING scroll of enchant weapon.
 18452 | D:13     | 18452 ||| ENCHANTING +7 war axe of freezing.
 18511 | D:13     | You fall into a shaft and drop 2 floors!
 18511 | D:15     | Entered Level 15 of the Dungeon
 18524 | D:15     | 18524 ||| INVOKING Heroism.
 18525 | D:15     | 18525 ||| INVOKING Finesse.
 18570 | D:15     | Received a gift from Okawaru
 18575 | D:15     | 18575 ||| INVOKING Heroism.
 18576 | D:15     | 18576 ||| SWAPPING to +0 hand axe of flaming.
 18584 | D:15     | 18584 ||| SWAPPING to +8 war axe of freezing.
 18586 | D:15     | Reached skill level 3 in Shields
 18586 | D:15     | Found a staircase to the Depths.
 18593 | D:15     | 18593 ||| DRINKING 3 potions of curing.
 18593 | D:15     | 18593 ||| (to cure bad poison)
 18602 | D:15     | HP: 28/116 [poison (poison gas)]
 18607 | D:15     | HP: 23/116 [poison (poison gas)]
 18612 | D:15     | 18612 ||| Stepping ~*~*~tactically~*~*~ (hiding).
 18615 | D:15     | 18615 ||| READING 4 scrolls of teleportation.
 18616 | D:15     | 18616 ||| DRINKING 3 potions of heal wounds.
 18884 | D:15     | 18884 ||| INVOKING Heroism.
 18962 | D:15     | 18962 ||| INVOKING Heroism.
 18998 | D:15     | 18998 ||| Stepping ~*~*~tactically~*~*~ (stealth).
 19065 | D:15     | 19065 ||| Stepping ~*~*~tactically~*~*~ (hiding).
 19066 | D:15     | 19066 ||| INVOKING Heroism.
 19246 | D:15     | 19246 ||| INVOKING Heroism.
 19352 | D:15     | 19352 ||| INVOKING Heroism.
 19356 | D:15     | Identified the +8 broad axe "Ufirubank" {flame, Dex+3 SInv}
                  | (Okawaru gifted it to you on level 15 of the Dungeon)
 19356 | D:15     | Received a gift from Okawaru
 19357 | D:15     | Reached skill level 6 in Shields
 19358 | D:15     | Gained mutation: You are surrounded by a strong repulsion
                  | field. (EV +4, RMsl) [demonic ancestry]
 19358 | D:15     | Reached XP level 15. HP: 120/122 MP: 20/22
 19379 | D:15     | 19379 ||| SWAPPING to +8 broad axe "Ufirubank" {flame,
                  | Dex+3 SInv}.
 19380 | D:15     | 19380 ||| DROPPING +0 hand axe of flaming.
 19381 | D:15     | 19381 ||| DROPPING +8 war axe of freezing.
 19384 | D:15     | 19384 ||| RIP GAUNTLET
 19384 | D:15     | 19384 ||| PLANNING D
 19393 | D:14     | Noticed Urug
 19393 | D:14     | Noticed Rupert
 19393 | D:14     | Found Qifatiph's General Store.
 19393 | D:14     | Found a gate to the Vaults.
 19394 | D:14     | 19394 ||| INVOKING Heroism.
 19395 | D:14     | 19395 ||| INVOKING Finesse.
 19409 | D:14     | Killed Rupert
 19412 | D:14     | Killed Urug
 19417 | D:13     | 19417 ||| RIP GAUNTLET
 19466 | D:13     | 19466 ||| Stepping ~*~*~tactically~*~*~ (hiding).
 19467 | D:13     | 19467 ||| Stepping ~*~*~tactically~*~*~ (hiding).
 19507 | D:13     | Found a runed translucent door.
 19508 | D:13     | Noticed qw's ghost (journeyman MiFi)
 19631 | D:13     | 19631 ||| INVOKING Heroism.
 19636 | D:13     | 19636 ||| Stepping ~*~*~tactically~*~*~ (stealth).
 19910 | D:13     | 19910 ||| Stepping ~*~*~tactically~*~*~ (hiding).
 20145 | D:14     | 20145 ||| READING scroll of enchant armour.
 20145 | D:14     | 20145 ||| ENCHANTING +1 helmet.
 20155 | D:14     | 20155 ||| BUYING +0 plate armour of cold resistance (390
                  | gold).
 20155 | D:14     | Bought a +0 plate armour of cold resistance for 390 gold
                  | pieces
 20155 | D:14     | 20155 ||| BUYING +8 plate armour of Instinct {Harm Str-2
                  | Int+4} (964 gold).
 20155 | D:14     | Bought the +8 plate armour of Instinct {Harm Str-2 Int+4}
                  | for 964 gold pieces
 20155 | D:14     | 20155 ||| BUYING scroll of identify (26 gold).
 20155 | D:14     | Bought a scroll of identify for 26 gold pieces
 20195 | D:14     | 20195 ||| Stepping ~*~*~tactically~*~*~ (hiding).
 20235 | D:14     | 20235 ||| Stepping ~*~*~tactically~*~*~ (stealth).
 20244 | D:14     | Received a gift from Okawaru
 20247 | D:14     | Reached skill level 9 in Shields
 20294 | D:14     | 20294 ||| INVOKING Heroism.
 20314 | D:14     | Found a runed translucent gate.
 20314 | D:14     | Found a runed translucent gate.
 20315 | D:14     | Found a runed translucent gate.
 20348 | D:14     | 20348 ||| Stepping ~*~*~tactically~*~*~ (stealth).
 20567 | D:14     | Noticed Cofimnas's ghost (journeyman FoFi)
 20570 | D:14     | 20570 ||| DROPPING +0 plate armour.
 20571 | D:14     | 20571 ||| UPGRADING to +0 plate armour of cold resistance.
 20581 | D:14     | 20581 ||| DROPPING +3 chain mail of cold resistance.
 20663 | D:15     | Found a shadowy altar of Dithmenos.
 20761 | D:15     | 20761 ||| INVOKING Heroism.
 20771 | D:15     | 20771 ||| READING 4 scrolls of teleportation.
 20796 | D:15     | Received a gift from Okawaru
 20866 | D:15     | 20866 ||| PLANNING ORC
 20866 | D:15     | 20866 ||| DROPPING +1 pair of gloves of stealth.
 20953 | Orc:1    | Entered Level 1 of the Orcish Mines
 20954 | Orc:1    | 20954 ||| INVOKING Heroism.
 21111 | Orc:1    | 21111 ||| Stepping ~*~*~tactically~*~*~ (stealth).
 21121 | Orc:1    | 21121 ||| Stepping ~*~*~tactically~*~*~ (hiding).
 21144 | Orc:1    | 21144 ||| Stepping ~*~*~tactically~*~*~ (stealth).
 21165 | Orc:1    | Found a frozen archway.
 21242 | Orc:2    | Entered Level 2 of the Orcish Mines
 21242 | Orc:2    | Found a staircase to the Elven Halls.
 21253 | Orc:2    | Noticed an orc warlord
 21253 | Orc:2    | 21253 ||| Stepping ~*~*~tactically~*~*~ (stealth).
 21254 | Orc:2    | 21254 ||| Stepping ~*~*~tactically~*~*~ (stealth).
 21257 | Orc:2    | 21257 ||| Stepping ~*~*~tactically~*~*~ (stealth).
 21259 | Orc:2    | 21259 ||| INVOKING Heroism.
 21260 | Orc:2    | 21260 ||| INVOKING Finesse.
 21263 | Orc:2    | 21263 ||| Stepping ~*~*~tactically~*~*~ (hiding).
 21279 | Orc:2    | Killed an orc warlord
 21284 | Orc:2    | Found Xorotzyorgh's Book Shoppe.
 21288 | Orc:2    | Noticed Nessos
 21300 | Orc:2    | Killed Nessos
 21305 | Orc:2    | Reached skill level 9 in Armour
 21332 | Orc:2    | Found Gezu's Antique Armour Boutique.
 21334 | Orc:2    | 21334 ||| INVOKING Heroism.
 21335 | Orc:2    | 21335 ||| INVOKING Finesse.
 21377 | Orc:2    | 21377 ||| BUYING embroidered cloak (195 gold).
 21377 | Orc:2    | Bought an embroidered cloak for 195 gold pieces
 21393 | Orc:2    | 21393 ||| INVOKING Heroism.
 21396 | Orc:2    | Found Tackoroi's Antique Weapon Shoppe.
 21447 | Orc:2    | 21447 ||| INVOKING Heroism.
 21454 | Orc:2    | 21454 ||| INVOKING Finesse.
 21624 | Orc:2    | 21624 ||| Stepping ~*~*~tactically~*~*~ (stealth).
 21626 | Orc:2    | 21626 ||| INVOKING Heroism.
 21648 | Orc:2    | 21648 ||| Stepping ~*~*~tactically~*~*~ (stealth).
 21651 | Orc:2    | 21651 ||| Stepping ~*~*~tactically~*~*~ (stealth).
 21654 | Orc:2    | 21654 ||| Stepping ~*~*~tactically~*~*~ (hiding).
 21711 | Orc:2    | Found Rekal Inash's General Store.
 21726 | Orc:2    | 21726 ||| BUYING scroll of identify (20 gold).
 21726 | Orc:2    | Bought a scroll of identify for 20 gold pieces
 21748 | Orc:2    | 21748 ||| Stepping ~*~*~tactically~*~*~ (hiding).
 21749 | Orc:2    | 21749 ||| Stepping ~*~*~tactically~*~*~ (hiding).
 21750 | Orc:2    | 21750 ||| Stepping ~*~*~tactically~*~*~ (hiding).
 21754 | Orc:2    | 21754 ||| INVOKING Heroism.
 21925 | Orc:2    | 21925 ||| UPGRADING to +2 plate armour of poison
                  | resistance.
 21935 | Orc:2    | 21935 ||| DROPPING +2 swamp dragon scales.
 21962 | Orc:1    | 21962 ||| INVOKING Heroism.
 22096 | Orc:1    | 22096 ||| INVOKING Heroism.
 22207 | Orc:1    | 22207 ||| PLANNING SHOALS:1-3
 22362 | Shoals:1 | Entered Level 1 of the Shoals
 22363 | Shoals:1 | Noticed Josephine
 22366 | Shoals:1 | 22366 ||| INVOKING Heroism.
 22375 | Shoals:1 | Killed Josephine
 22433 | Shoals:1 | 22433 ||| Stepping ~*~*~tactically~*~*~ (stealth).
 22435 | Shoals:1 | 22435 ||| Stepping ~*~*~tactically~*~*~ (hiding).
 22464 | Shoals:1 | Found Veulopp's General Store.
 22495 | Shoals:1 | 22495 ||| BUYING potion of haste (150 gold).
 22495 | Shoals:1 | Bought a potion of haste for 150 gold pieces
 22505 | Shoals:1 | Identified the +9 triple sword "X" {drain, rF+}
 22524 | Shoals:1 | 22524 ||| Stepping ~*~*~tactically~*~*~ (hiding).
 22525 | Shoals:1 | 22525 ||| INVOKING Heroism.
 22659 | Shoals:1 | 22659 ||| Stepping ~*~*~tactically~*~*~ (water).
 22662 | Shoals:1 | 22662 ||| Stepping ~*~*~tactically~*~*~ (water).
 22751 | Shoals:1 | 22751 ||| Stepping ~*~*~tactically~*~*~ (hiding).
 22752 | Shoals:1 | 22752 ||| Stepping ~*~*~tactically~*~*~ (hiding).
 22753 | Shoals:1 | 22753 ||| INVOKING Heroism.
 22796 | Shoals:1 | Identified the +11 trident of the Mauling Fulmar {vorpal,
                  | rN+ rCorr}
 22815 | Shoals:1 | 22815 ||| Stepping ~*~*~tactically~*~*~ (hiding).
 22816 | Shoals:1 | 22816 ||| INVOKING Heroism.
 22817 | Shoals:1 | 22817 ||| INVOKING Finesse.
 22822 | Shoals:1 | Received a gift from Okawaru
 22823 | Shoals:1 | Gained mutation: Your touch may inflict irresistible damage
                  | on your foes. [demonic ancestry]
 22823 | Shoals:1 | Reached XP level 16. HP: 125/129 MP: 16/23
 22987 | Shoals:1 | 22987 ||| DROPPING ring of ice.
 23101 | Shoals:2 | 23101 ||| Stepping ~*~*~tactically~*~*~ (water).
 23127 | Shoals:2 | 23127 ||| Stepping ~*~*~tactically~*~*~ (hiding).
 23135 | Shoals:2 | Received a gift from Okawaru
 23338 | Shoals:2 | 23338 ||| INVOKING Heroism.
 23346 | Shoals:2 | Received a gift from Okawaru
 23346 | Shoals:2 | Found the +3 greatsling "Punk" {acid, rCorr}
 23438 | Shoals:2 | 23438 ||| Stepping ~*~*~tactically~*~*~ (stealth).
 23439 | Shoals:2 | 23439 ||| INVOKING Heroism.
 23526 | Shoals:2 | 23526 ||| Stepping ~*~*~tactically~*~*~ (hiding).
 23528 | Shoals:2 | 23528 ||| Stepping ~*~*~tactically~*~*~ (hiding).
 23530 | Shoals:2 | 23530 ||| INVOKING Heroism.
 23665 | Shoals:2 | 23665 ||| Stepping ~*~*~tactically~*~*~ (hiding).
 23666 | Shoals:2 | 23666 ||| INVOKING Heroism.
 23667 | Shoals:2 | 23667 ||| INVOKING Finesse.
 23686 | Shoals:2 | 23686 ||| Stepping ~*~*~tactically~*~*~ (hiding).
 23714 | Shoals:2 | 23714 ||| Stepping ~*~*~tactically~*~*~ (water).
 23728 | Shoals:2 | 23728 ||| INVOKING Heroism.
 23793 | Shoals:2 | Identified the +1 robe of Inquiry {+Blink Stlth+}
 23812 | Shoals:2 | 23812 ||| READING scroll of enchant armour.
 23812 | Shoals:2 | 23812 ||| ENCHANTING +2 plate armour of poison resistance.
 24003 | Shoals:2 | 24003 ||| Stepping ~*~*~tactically~*~*~ (hiding).
 24006 | Shoals:2 | 24006 ||| Stepping ~*~*~tactically~*~*~ (hiding).
 24226 | Shoals:2 | 24226 ||| DROPPING +0 plate armour of cold resistance.
 24245 | Shoals:3 | 24245 ||| INVOKING Heroism.
 24282 | Shoals:3 | Found Jesud's Armour Shop.
 24305 | Shoals:3 | 24305 ||| BUYING +2 helmet of see invisible (322 gold).
 24305 | Shoals:3 | Bought a +2 helmet of see invisible for 322 gold pieces
 24419 | Shoals:3 | Found Nirrocunge's Jewellery Shop.
 24538 | Shoals:3 | Noticed Donald
 24539 | Shoals:3 | 24539 ||| INVOKING Heroism.
 24540 | Shoals:3 | 24540 ||| INVOKING Finesse.
 24549 | Shoals:3 | Killed Donald
 24577 | Shoals:3 | 24577 ||| Stepping ~*~*~tactically~*~*~ (hiding).
 24579 | Shoals:3 | 24579 ||| Stepping ~*~*~tactically~*~*~ (hiding).
 24677 | Shoals:3 | 24677 ||| DROPPING amulet of the acrobat.
 24697 | Shoals:4 | Entered Level 4 of the Shoals
 24705 | Shoals:4 | 24705 ||| Stepping ~*~*~tactically~*~*~ (hiding).
 24708 | Shoals:4 | 24708 ||| INVOKING Heroism.
 24824 | Shoals:4 | 24824 ||| INVOKING Heroism.
 24830 | Shoals:4 | Paralysed by an air elemental for 1 turns
 24859 | Shoals:4 | 24859 ||| Stepping ~*~*~tactically~*~*~ (hiding).
 24860 | Shoals:4 | 24860 ||| Stepping ~*~*~tactically~*~*~ (hiding).
 24862 | Shoals:4 | 24862 ||| Stepping ~*~*~tactically~*~*~ (stealth).
 24895 | Shoals:4 | Paralysed by an air elemental for 1 turns
 24984 | Shoals:4 | 24984 ||| Stepping ~*~*~tactically~*~*~ (hiding).
 25008 | Shoals:4 | Paralysed by an air elemental for 1 turns
 25012 | Shoals:4 | Paralysed by an air elemental for 1 turns
 25112 | Shoals:4 | Paralysed by an air elemental for 1 turns
 25121 | Shoals:4 | 25121 ||| INVOKING Heroism.
 25122 | Shoals:4 | 25122 ||| INVOKING Finesse.
 25125 | Shoals:4 | 25125 ||| Stepping ~*~*~tactically~*~*~ (water).
 25546 | Shoals:4 | Reached skill level 18 in Axes
 25650 | Shoals:4 | 25650 ||| INVOKING Heroism.
 25703 | Shoals:4 | 25703 ||| INVOKING Heroism.
 25714 | Shoals:4 | Received a gift from Okawaru
 25722 | Shoals:4 | 25722 ||| INVOKING Finesse.
 25723 | Shoals:4 | 25723 ||| INVOKING Finesse.
 25753 | Shoals:4 | 25753 ||| INVOKING Heroism.
 25812 | Shoals:4 | 25812 ||| INVOKING Heroism.
 25868 | Shoals:4 | 25868 ||| INVOKING Heroism.
 26017 | Shoals:4 | 26017 ||| FLEEEEING.
 26018 | Shoals:4 | 26018 ||| FLEEEEING.
 26145 | Shoals:4 | 26145 ||| Stepping ~*~*~tactically~*~*~ (hiding).
 26148 | Shoals:4 | 26148 ||| INVOKING Heroism.
 26180 | Shoals:4 | Noticed a storm dragon
 26181 | Shoals:4 | 26181 ||| DRINKING 2 potions of resistance.
 26190 | Shoals:4 | 26190 ||| INVOKING Heroism.
 26190 | Shoals:4 | Identified the ring of Light {rF- Str+3 Dex+6 Stlth+}
 26191 | Shoals:4 | 26191 ||| INVOKING Finesse.
 26194 | Shoals:4 | Killed a storm dragon
 26218 | Shoals:4 | 26218 ||| Stepping ~*~*~tactically~*~*~ (hiding).
 26318 | Shoals:4 | Got a barnacled rune of Zot
 26406 | Shoals:4 | Paralysed by an air elemental for 1 turns
 26409 | Shoals:4 | 26409 ||| Stepping ~*~*~tactically~*~*~ (water).
 26494 | Shoals:4 | 26494 ||| DROPPING 21 boomerangs.
 26530 | Shoals:3 | 26530 ||| SHOPLISTING +4 ring of slaying (1326 gold, have
                  | 450).
 26530 | Shoals:3 | 26530 ||| SHOPLISTING ring "Naodwife" {Ice rN+ Int+3 Dex+4}
                  | (865 gold, have 450).
 26530 | Shoals:3 | 26530 ||| SHOPLISTING ring "Pivuinil" {rElec Str-5 Int+4
                  | Slay+4 SInv} (1599 gold, have 450).
 26530 | Shoals:3 | 26530 ||| BUYING ring of poison resistance (340 gold).
 26530 | Shoals:3 | Bought a ring of poison resistance for 340 gold pieces
 26530 | Shoals:3 | 26530 ||| SHOPLISTING ring of protection from fire (425
                  | gold, have 110).
 26530 | Shoals:3 | 26530 ||| SHOPLISTING ring of see invisible (255 gold, have
                  | 110).
 26530 | Shoals:3 | 26530 ||| PLANNING SPIDER:1-3
 26682 | Spider:1 | Entered Level 1 of the Spider Nest
 26683 | Spider:1 | 26683 ||| INVOKING Heroism.
 26692 | Spider:1 | Reached skill level 12 in Shields
 26733 | Spider:1 | 26733 ||| Stepping ~*~*~tactically~*~*~ (stealth).
 26751 | Spider:1 | Gained mutation: Your touch may irresistibly damage your
                  | foes and sap their willpower. [demonic ancestry]
 26751 | Spider:1 | Reached XP level 17. HP: 135/135 MP: 24/24
 26758 | Spider:1 | Identified the ring "Mifyifuf" {rF++ Str+6 Dex-3}
 26761 | Spider:1 | 26761 ||| Stepping ~*~*~tactically~*~*~ (hiding).
 26764 | Spider:1 | 26764 ||| INVOKING Finesse.
 26789 | Spider:1 | 26789 ||| Stepping ~*~*~tactically~*~*~ (hiding).
 26793 | Spider:1 | 26793 ||| INVOKING Heroism.
 26799 | Spider:1 | Received a gift from Okawaru
 26812 | Spider:1 | Reached skill level 13 in Fighting
 26821 | Spider:1 | 26821 ||| DROPPING +2 pair of gloves.
 26822 | Spider:1 | 26822 ||| UPGRADING to ring "Mifyifuf" {rF++ Str+6 Dex-3}.
 26828 | Spider:1 | 26828 ||| INVOKING Finesse.
 26837 | Spider:1 | Received a gift from Okawaru
 26837 | Spider:1 | Found the +11 plutonium sword {Contam Stlth-}
 26864 | Spider:1 | 26864 ||| Stepping ~*~*~tactically~*~*~ (stealth).
 26873 | Spider:1 | 26873 ||| Stepping ~*~*~tactically~*~*~ (stealth).
 26879 | Spider:1 | 26879 ||| Stepping ~*~*~tactically~*~*~ (stealth).
 26881 | Spider:1 | 26881 ||| Stepping ~*~*~tactically~*~*~ (hiding).
 26891 | Spider:1 | 26891 ||| Stepping ~*~*~tactically~*~*~ (stealth).
 26932 | Spider:1 | 26932 ||| Stepping ~*~*~tactically~*~*~ (stealth).
 26934 | Spider:1 | 26934 ||| Stepping ~*~*~tactically~*~*~ (stealth).
 27040 | Spider:1 | 27040 ||| INVOKING Heroism.
 27047 | Spider:1 | 27047 ||| INVOKING Finesse.
 27400 | Spider:1 | 27400 ||| Stepping ~*~*~tactically~*~*~ (stealth).
 27552 | Spider:1 | 27552 ||| Stepping ~*~*~tactically~*~*~ (stealth).
 27692 | Spider:1 | 27692 ||| UPGRADING to +4 ring of protection.
 27731 | Spider:2 | 27731 ||| INVOKING Heroism.
 27732 | Spider:2 | 27732 ||| STAIRDANCE
 27741 | Spider:2 | 27741 ||| STAIRDANCE
 27815 | Spider:2 | 27815 ||| INVOKING Heroism.
 27822 | Spider:2 | 27822 ||| STAIRDANCE
 27921 | Spider:2 | Reached skill level 14 in Fighting
 27967 | Spider:2 | 27967 ||| Stepping ~*~*~tactically~*~*~ (stealth).
 27968 | Spider:2 | 27968 ||| INVOKING Heroism.
 27969 | Spider:2 | Noticed Arachne
 27970 | Spider:2 | 27970 ||| INVOKING Finesse.
 27978 | Spider:2 | Noticed Aizul
 27981 | Spider:2 | Killed Arachne
 27994 | Spider:2 | Noticed Jorgrun
 28024 | Spider:2 | Killed Aizul
 28041 | Spider:2 | Killed Jorgrun
 28046 | Spider:2 | Received a gift from Okawaru
 28074 | Spider:2 | Received a gift from Okawaru
 28186 | Spider:2 | 28186 ||| INVOKING Heroism.
 28520 | Spider:2 | 28520 ||| DROPPING boomerang.
 28529 | Spider:3 | 28529 ||| STAIRDANCE
 28634 | Spider:3 | 28634 ||| INVOKING Heroism.
 28635 | Spider:3 | 28635 ||| INVOKING Finesse.
 28641 | Spider:3 | 28641 ||| DRINKING 7 potions of curing.
 28641 | Spider:3 | 28641 ||| (to cure confusion)
 28690 | Spider:3 | 28690 ||| INVOKING Heroism.
 28716 | Spider:3 | Received a gift from Okawaru
 28802 | Spider:3 | 28802 ||| Stepping ~*~*~tactically~*~*~ (stealth).
 28803 | Spider:3 | 28803 ||| INVOKING Heroism.
 28804 | Spider:3 | 28804 ||| INVOKING Finesse.
 28831 | Spider:3 | 28831 ||| Stepping ~*~*~tactically~*~*~ (stealth).
 28835 | Spider:3 | 28835 ||| Stepping ~*~*~tactically~*~*~ (stealth).
 28868 | Spider:3 | 28868 ||| Stepping ~*~*~tactically~*~*~ (stealth).
 28932 | Spider:3 | 28932 ||| Stepping ~*~*~tactically~*~*~ (stealth).
 28940 | Spider:3 | 28940 ||| Stepping ~*~*~tactically~*~*~ (stealth).
 28942 | Spider:3 | 28942 ||| Stepping ~*~*~tactically~*~*~ (stealth).
 28943 | Spider:3 | 28943 ||| Stepping ~*~*~tactically~*~*~ (stealth).
 28945 | Spider:3 | 28945 ||| Stepping ~*~*~tactically~*~*~ (stealth).
 28955 | Spider:3 | Received a gift from Okawaru
 29009 | Spider:3 | Reached skill level 12 in Armour
 29009 | Spider:3 | 29009 ||| FLEEEEING.
 29012 | Spider:3 | 29012 ||| FLEEEEING.
 29013 | Spider:3 | 29013 ||| FLEEEEING.
 29014 | Spider:3 | 29014 ||| FLEEEEING.
 29015 | Spider:3 | 29015 ||| FLEEEEING.
 29016 | Spider:3 | 29016 ||| FLEEEEING.
 29017 | Spider:3 | 29017 ||| FLEEEEING.
 29018 | Spider:3 | 29018 ||| FLEEEEING.
 29019 | Spider:3 | 29019 ||| FLEEEEING.
 29038 | Spider:3 | 29038 ||| Stepping ~*~*~tactically~*~*~ (stealth).
 29041 | Spider:3 | 29041 ||| INVOKING Heroism.
 29103 | Spider:3 | 29103 ||| Stepping ~*~*~tactically~*~*~ (stealth).
 29115 | Spider:3 | 29115 ||| Stepping ~*~*~tactically~*~*~ (stealth).
 29116 | Spider:3 | 29116 ||| Stepping ~*~*~tactically~*~*~ (stealth).
 29129 | Spider:3 | 29129 ||| INVOKING Heroism.
 29131 | Spider:3 | Received a gift from Okawaru
 29153 | Spider:3 | 29153 ||| Stepping ~*~*~tactically~*~*~ (stealth).
 29166 | Spider:3 | 29166 ||| Stepping ~*~*~tactically~*~*~ (stealth).
 29167 | Spider:3 | 29167 ||| Stepping ~*~*~tactically~*~*~ (stealth).
 29181 | Spider:3 | 29181 ||| INVOKING Heroism.
 29222 | Spider:3 | 29222 ||| INVOKING Heroism.
 29239 | Spider:3 | 29239 ||| INVOKING Heroism.
 29297 | Spider:3 | Reached XP level 18. HP: 146/148 MP: 25/25
 29304 | Spider:3 | 29304 ||| Stepping ~*~*~tactically~*~*~ (stealth).
 29323 | Spider:3 | 29323 ||| Stepping ~*~*~tactically~*~*~ (stealth).
 29414 | Spider:3 | 29414 ||| Stepping ~*~*~tactically~*~*~ (stealth).
 29423 | Spider:3 | Reached skill level 15 in Fighting
 29487 | Spider:3 | 29487 ||| Stepping ~*~*~tactically~*~*~ (stealth).
 29493 | Spider:3 | 29493 ||| INVOKING Heroism.
 29527 | Spider:3 | 29527 ||| Stepping ~*~*~tactically~*~*~ (stealth).
 29532 | Spider:3 | 29532 ||| Stepping ~*~*~tactically~*~*~ (stealth).
 29609 | Spider:3 | 29609 ||| Stepping ~*~*~tactically~*~*~ (stealth).
 29614 | Spider:3 | 29614 ||| Stepping ~*~*~tactically~*~*~ (stealth).
 29633 | Spider:3 | 29633 ||| Stepping ~*~*~tactically~*~*~ (stealth).
 29643 | Spider:3 | 29643 ||| Stepping ~*~*~tactically~*~*~ (stealth).
 29664 | Spider:3 | 29664 ||| DRINKING 6 potions of curing.
 29664 | Spider:3 | 29664 ||| (to cure confusion)
 29683 | Spider:3 | Noticed Nikola
 29684 | Spider:3 | 29684 ||| INVOKING Heroism.
 29685 | Spider:3 | 29685 ||| INVOKING Finesse.
 29688 | Spider:3 | 29688 ||| Stepping ~*~*~tactically~*~*~ (hiding).
 29690 | Spider:3 | 29690 ||| Stepping ~*~*~tactically~*~*~ (hiding).
 29691 | Spider:3 | 29691 ||| Stepping ~*~*~tactically~*~*~ (hiding).
 29693 | Spider:3 | 29693 ||| Stepping ~*~*~tactically~*~*~ (hiding).
 29694 | Spider:3 | 29694 ||| Stepping ~*~*~tactically~*~*~ (hiding).
 29695 | Spider:3 | 29695 ||| Stepping ~*~*~tactically~*~*~ (hiding).
 29706 | Spider:3 | Killed Nikola
 29715 | Spider:3 | 29715 ||| Stepping ~*~*~tactically~*~*~ (stealth).
 29772 | Spider:3 | 29772 ||| INVOKING Heroism.
 29951 | Spider:3 | 29951 ||| INVOKING Finesse.
 30295 | Spider:3 | 30295 ||| Stepping ~*~*~tactically~*~*~ (stealth).
 30298 | Spider:3 | 30298 ||| Stepping ~*~*~tactically~*~*~ (stealth).
 30299 | Spider:3 | 30299 ||| Stepping ~*~*~tactically~*~*~ (stealth).
 30302 | Spider:3 | 30302 ||| Stepping ~*~*~tactically~*~*~ (stealth).
 30313 | Spider:3 | 30313 ||| INVOKING Finesse.
 30374 | Spider:3 | 30374 ||| PLANNING VAULTS:1-4
 30374 | Spider:3 | 30374 ||| DROPPING +1 plate armour of poison resistance.
 30597 | Vaults:1 | Entered Level 1 of the Vaults
 30622 | Vaults:1 | 30622 ||| Stepping ~*~*~tactically~*~*~ (hiding).
 30629 | Vaults:1 | 30629 ||| DRINKING potion of resistance.
 30639 | Vaults:1 | Reached skill level 9 in Throwing
 30641 | Vaults:1 | 30641 ||| INVOKING Heroism.
 30748 | Vaults:1 | 30748 ||| Stepping ~*~*~tactically~*~*~ (stealth).
 30755 | Vaults:1 | 30755 ||| Stepping ~*~*~tactically~*~*~ (stealth).
 30810 | Vaults:1 | 30810 ||| Stepping ~*~*~tactically~*~*~ (stealth).
 30819 | Vaults:1 | 30819 ||| Stepping ~*~*~tactically~*~*~ (hiding).
 30825 | Vaults:1 | 30825 ||| INVOKING Heroism.
 30827 | Vaults:1 | 30827 ||| INVOKING Finesse.
 30836 | Vaults:1 | 30836 ||| Stepping ~*~*~tactically~*~*~ (hiding).
 30884 | Vaults:1 | 30884 ||| INVOKING Heroism.
 30885 | Vaults:1 | 30885 ||| INVOKING Finesse.
 31018 | Vaults:1 | 31018 ||| INVOKING Heroism.
 31019 | Vaults:1 | 31019 ||| INVOKING Finesse.
 31083 | Vaults:1 | 31083 ||| Stepping ~*~*~tactically~*~*~ (stealth).
 31084 | Vaults:1 | 31084 ||| Stepping ~*~*~tactically~*~*~ (stealth).
 31091 | Vaults:1 | 31091 ||| INVOKING Heroism.
 31093 | Vaults:1 | 31093 ||| INVOKING Finesse.
 31357 | Vaults:1 | 31357 ||| Stepping ~*~*~tactically~*~*~ (stealth).
 31359 | Vaults:1 | 31359 ||| Stepping ~*~*~tactically~*~*~ (hiding).
 31479 | Vaults:1 | 31479 ||| INVOKING Heroism.
 31480 | Vaults:1 | 31480 ||| INVOKING Finesse.
 31484 | Vaults:1 | Received a gift from Okawaru
 31551 | Vaults:1 | 31551 ||| INVOKING Heroism.
 31562 | Vaults:1 | 31562 ||| INVOKING Finesse.
 31563 | Vaults:1 | 31563 ||| Stepping ~*~*~tactically~*~*~ (stealth).
 31569 | Vaults:1 | 31569 ||| Stepping ~*~*~tactically~*~*~ (stealth).
 31707 | Vaults:1 | 31707 ||| INVOKING Heroism.
 31869 | Vaults:1 | 31869 ||| Stepping ~*~*~tactically~*~*~ (hiding).
 31870 | Vaults:1 | 31870 ||| Stepping ~*~*~tactically~*~*~ (hiding).
 31997 | Vaults:1 | 31997 ||| Stepping ~*~*~tactically~*~*~ (stealth).
 32095 | Vaults:1 | 32095 ||| Stepping ~*~*~tactically~*~*~ (hiding).
 32097 | Vaults:1 | 32097 ||| Stepping ~*~*~tactically~*~*~ (hiding).
 32099 | Vaults:1 | 32099 ||| Stepping ~*~*~tactically~*~*~ (hiding).
 32101 | Vaults:1 | 32101 ||| Stepping ~*~*~tactically~*~*~ (hiding).
 32194 | Vaults:1 | 32194 ||| INVOKING Heroism.
 32262 | Vaults:1 | 32262 ||| Stepping ~*~*~tactically~*~*~ (hiding).
 32266 | Vaults:1 | 32266 ||| DRINKING potion of resistance.
 32267 | Vaults:1 | 32267 ||| Stepping ~*~*~tactically~*~*~ (hiding).
 32268 | Vaults:1 | 32268 ||| Stepping ~*~*~tactically~*~*~ (hiding).
 32376 | Vaults:1 | 32376 ||| INVOKING Heroism.
 32377 | Vaults:1 | 32377 ||| INVOKING Finesse.
 32384 | Vaults:1 | Received a gift from Okawaru
 32415 | Vaults:1 | 32415 ||| Stepping ~*~*~tactically~*~*~ (stealth).
 32432 | Vaults:1 | Reached skill level 16 in Fighting
 32447 | Vaults:1 | 32447 ||| Stepping ~*~*~tactically~*~*~ (stealth).
 32461 | Vaults:1 | 32461 ||| Stepping ~*~*~tactically~*~*~ (stealth).
 32733 | Vaults:2 | 32733 ||| Stepping ~*~*~tactically~*~*~ (stealth).
 32743 | Vaults:2 | 32743 ||| FLEEEEING.
 32744 | Vaults:2 | 32744 ||| FLEEEEING.
 32745 | Vaults:2 | 32745 ||| FLEEEEING.
 32746 | Vaults:2 | 32746 ||| STAIRDANCE
 32896 | Vaults:2 | 32896 ||| STAIRDANCE
 32934 | Vaults:2 | 32934 ||| STAIRDANCE
 32999 | Vaults:2 | 32999 ||| INVOKING Heroism.
 33027 | Vaults:2 | Received a gift from Okawaru
 33027 | Vaults:2 | Found the +3 crown of Dyrovepreva {rElec Int+2 SInv}
 33069 | Vaults:2 | 33069 ||| INVOKING Heroism.
 33070 | Vaults:2 | 33070 ||| Stepping ~*~*~tactically~*~*~ (stealth).
 33071 | Vaults:2 | 33071 ||| Stepping ~*~*~tactically~*~*~ (hiding).
 33074 | Vaults:2 | 33074 ||| INVOKING Finesse.
 33097 | Vaults:2 | 33097 ||| INVOKING Heroism.
 33113 | Vaults:2 | 33113 ||| Stepping ~*~*~tactically~*~*~ (stealth).
 33193 | Vaults:2 | 33193 ||| INVOKING Heroism.
 33194 | Vaults:2 | 33194 ||| INVOKING Finesse.
 33221 | Vaults:2 | Reached XP level 19. HP: 157/157 MP: 24/26
 33221 | Vaults:2 | 33221 ||| Stepping ~*~*~tactically~*~*~ (hiding).
 33265 | Vaults:2 | 33265 ||| Stepping ~*~*~tactically~*~*~ (hiding).
 33270 | Vaults:2 | 33270 ||| INVOKING Heroism.
 33286 | Vaults:2 | 33286 ||| Stepping ~*~*~tactically~*~*~ (stealth).
 33348 | Vaults:2 | 33348 ||| Stepping ~*~*~tactically~*~*~ (hiding).
 33493 | Vaults:2 | 33493 ||| Stepping ~*~*~tactically~*~*~ (stealth).
 33504 | Vaults:2 | Reached skill level 17 in Fighting
 33508 | Vaults:2 | 33508 ||| INVOKING Heroism.
 33536 | Vaults:2 | 33536 ||| INVOKING Heroism.
 33757 | Vaults:2 | 33757 ||| INVOKING Heroism.
 34027 | Vaults:2 | Identified the +1 ring mail of Exigrach {rF+ Will+}
 34048 | Vaults:2 | 34048 ||| Stepping ~*~*~tactically~*~*~ (hiding).
 34049 | Vaults:2 | 34049 ||| Stepping ~*~*~tactically~*~*~ (hiding).
 34050 | Vaults:2 | 34050 ||| Stepping ~*~*~tactically~*~*~ (hiding).
 34051 | Vaults:2 | 34051 ||| INVOKING Heroism.
 34052 | Vaults:2 | 34052 ||| INVOKING Finesse.
 34211 | Vaults:2 | 34211 ||| Stepping ~*~*~tactically~*~*~ (stealth).
 34214 | Vaults:2 | 34214 ||| INVOKING Heroism.
 34284 | Vaults:2 | Found a runed translucent gate.
 34285 | Vaults:2 | Found a runed translucent gate.
 34285 | Vaults:2 | Found a runed translucent gate.
 34285 | Vaults:2 | Noticed vegansnacktivist's ghost (adept DDFi)
 34285 | Vaults:2 | Identified the +0 chain mail of Time Monsters {Slay+5}
 34305 | Vaults:2 | 34305 ||| Stepping ~*~*~tactically~*~*~ (hiding).
 34306 | Vaults:2 | 34306 ||| Stepping ~*~*~tactically~*~*~ (hiding).
 34313 | Vaults:2 | 34313 ||| Stepping ~*~*~tactically~*~*~ (hiding).
 34484 | Vaults:2 | 34484 ||| Stepping ~*~*~tactically~*~*~ (hiding).
 34486 | Vaults:2 | 34486 ||| INVOKING Heroism.
 34487 | Vaults:2 | 34487 ||| INVOKING Finesse.
 34781 | Vaults:2 | 34781 ||| INVOKING Heroism.
 34837 | Vaults:2 | 34837 ||| Stepping ~*~*~tactically~*~*~ (stealth).
 34864 | Vaults:2 | 34864 ||| Stepping ~*~*~tactically~*~*~ (stealth).
 34871 | Vaults:2 | 34871 ||| INVOKING Heroism.
 34872 | Vaults:2 | 34872 ||| INVOKING Finesse.
 35235 | Vaults:2 | 35235 ||| INVOKING Heroism.
 35238 | Vaults:2 | Received a gift from Okawaru
 35275 | Vaults:2 | Identified the +5 scale mail of the Weaver {rF+ Regen+
                  | rCorr Int+4 Dex-2}
 35300 | Vaults:2 | 35300 ||| Stepping ~*~*~tactically~*~*~ (stealth).
 35341 | Vaults:2 | Received a gift from Okawaru
 35348 | Vaults:2 | 35348 ||| INVOKING Heroism.
 35372 | Vaults:2 | 35372 ||| SWAPPING to +4 vampiric broad axe.
 35373 | Vaults:2 | 35373 ||| DROPPING +8 broad axe "Ufirubank" {flame, Dex+3
                  | SInv}.
 35458 | Vaults:2 | 35458 ||| UPGRADING to +3 crown of Dyrovepreva {rElec Int+2
                  | SInv}.
 35468 | Vaults:2 | 35468 ||| DROPPING +2 helmet.
 35589 | Vaults:3 | 35589 ||| Stepping ~*~*~tactically~*~*~ (hiding).
 35590 | Vaults:3 | 35590 ||| Stepping ~*~*~tactically~*~*~ (hiding).
 35593 | Vaults:3 | 35593 ||| INVOKING Heroism.
 35599 | Vaults:3 | 35599 ||| Stepping ~*~*~tactically~*~*~ (hiding).
 35602 | Vaults:3 | 35602 ||| INVOKING Finesse.
 35611 | Vaults:3 | Reached skill level 18 in Fighting
 35692 | Vaults:3 | 35692 ||| Stepping ~*~*~tactically~*~*~ (stealth).
 35715 | Vaults:3 | 35715 ||| Stepping ~*~*~tactically~*~*~ (stealth).
 35829 | Vaults:3 | 35829 ||| Stepping ~*~*~tactically~*~*~ (hiding).
 35830 | Vaults:3 | 35830 ||| INVOKING Heroism.
 35832 | Vaults:3 | 35832 ||| Stepping ~*~*~tactically~*~*~ (hiding).
 35855 | Vaults:3 | Reached skill level 15 in Shields
 35905 | Vaults:3 | 35905 ||| READING scroll of enchant weapon.
 35905 | Vaults:3 | 35905 ||| ENCHANTING +4 vampiric broad axe.
 36019 | Vaults:3 | 36019 ||| INVOKING Heroism.
 36034 | Vaults:3 | Received a gift from Okawaru
 36065 | Vaults:3 | 36065 ||| INVOKING Heroism.
 36086 | Vaults:3 | Gained mutation: You regenerate health from kills. [demonic
                  | ancestry]
 36086 | Vaults:3 | Reached XP level 20. HP: 143/172 MP: 23/27
 36230 | Vaults:3 | Found a staircase to the Crypt.
 36725 | Vaults:4 | 36725 ||| INVOKING Heroism.
 36743 | Vaults:4 | 36743 ||| INVOKING Heroism.
 36881 | Vaults:4 | 36881 ||| Stepping ~*~*~tactically~*~*~ (hiding).
 36882 | Vaults:4 | 36882 ||| INVOKING Heroism.
 36934 | Vaults:4 | 36934 ||| Stepping ~*~*~tactically~*~*~ (hiding).
 36959 | Vaults:4 | 36959 ||| Stepping ~*~*~tactically~*~*~ (hiding).
 36961 | Vaults:4 | 36961 ||| Stepping ~*~*~tactically~*~*~ (hiding).
 36964 | Vaults:4 | 36964 ||| Stepping ~*~*~tactically~*~*~ (stealth).
 36975 | Vaults:4 | Received a gift from Okawaru
 37002 | Vaults:4 | 37002 ||| Stepping ~*~*~tactically~*~*~ (hiding).
 37009 | Vaults:4 | 37009 ||| Stepping ~*~*~tactically~*~*~ (hiding).
 37087 | Vaults:4 | 37087 ||| Stepping ~*~*~tactically~*~*~ (stealth).
 37089 | Vaults:4 | 37089 ||| Stepping ~*~*~tactically~*~*~ (hiding).
 37094 | Vaults:4 | 37094 ||| INVOKING Heroism.
 37107 | Vaults:4 | Received a gift from Okawaru
 37144 | Vaults:4 | 37144 ||| Stepping ~*~*~tactically~*~*~ (hiding).
 37163 | Vaults:4 | Reached skill level 12 in Throwing
 37201 | Vaults:4 | 37201 ||| INVOKING Heroism.
 37202 | Vaults:4 | 37202 ||| Stepping ~*~*~tactically~*~*~ (stealth).
 37293 | Vaults:4 | 37293 ||| INVOKING Heroism.
 37304 | Vaults:4 | 37304 ||| Stepping ~*~*~tactically~*~*~ (stealth).
 37324 | Vaults:4 | Reached skill level 19 in Fighting
 37349 | Vaults:4 | 37349 ||| INVOKING Heroism.
 37999 | Vaults:4 | 37999 ||| PLANNING SPIDER:4
 38348 | Spider:4 | Entered Level 4 of the Spider Nest
 38355 | Spider:4 | 38355 ||| Stepping ~*~*~tactically~*~*~ (stealth).
 38357 | Spider:4 | 38357 ||| INVOKING Finesse.
 38358 | Spider:4 | 38358 ||| Stepping ~*~*~tactically~*~*~ (stealth).
 38359 | Spider:4 | 38359 ||| Stepping ~*~*~tactically~*~*~ (hiding).
 38361 | Spider:4 | 38361 ||| Stepping ~*~*~tactically~*~*~ (hiding).
 38380 | Spider:4 | 38380 ||| Stepping ~*~*~tactically~*~*~ (stealth).
 38386 | Spider:4 | 38386 ||| INVOKING Heroism.
 38394 | Spider:4 | Received a gift from Okawaru
 38542 | Spider:4 | 38542 ||| Stepping ~*~*~tactically~*~*~ (stealth).
 38544 | Spider:4 | 38544 ||| Stepping ~*~*~tactically~*~*~ (stealth).
 38546 | Spider:4 | 38546 ||| DRINKING 6 potions of curing.
 38546 | Spider:4 | 38546 ||| (to cure confusion)
 38547 | Spider:4 | 38547 ||| INVOKING Heroism.
 38569 | Spider:4 | Noticed Mara
 38570 | Spider:4 | 38570 ||| INVOKING Finesse.
 38578 | Spider:4 | 38578 ||| Stepping ~*~*~tactically~*~*~ (hiding).
 38604 | Spider:4 | 38604 ||| INVOKING Heroism.
 38607 | Spider:4 | Noticed qw's illusion
 38647 | Spider:4 | Noticed qw's illusion
 38655 | Spider:4 | 38655 ||| INVOKING Finesse.
 38660 | Spider:4 | Reached skill level 15 in Armour
 38716 | Spider:4 | HP: 40/174 [qw's illusion (illusionary)[Mara] (28)]
 38717 | Spider:4 | 38717 ||| READING 15 scrolls of teleportation.
 38721 | Spider:4 | 38721 ||| DRINKING 8 potions of heal wounds.
 38728 | Spider:4 | 38728 ||| Stepping ~*~*~tactically~*~*~ (stealth).
 38735 | Spider:4 | 38735 ||| INVOKING Heroism.
 38870 | Spider:4 | 38870 ||| INVOKING Heroism.
 38871 | Spider:4 | 38871 ||| INVOKING Finesse.
 38881 | Spider:4 | Noticed qw's illusion
 38895 | Spider:4 | Killed Mara
 38913 | Spider:4 | 38913 ||| Stepping ~*~*~tactically~*~*~ (stealth).
 38914 | Spider:4 | 38914 ||| Stepping ~*~*~tactically~*~*~ (stealth).
 38957 | Spider:4 | 38957 ||| Stepping ~*~*~tactically~*~*~ (stealth).
 38958 | Spider:4 | 38958 ||| Stepping ~*~*~tactically~*~*~ (stealth).
 38959 | Spider:4 | 38959 ||| Stepping ~*~*~tactically~*~*~ (stealth).
 38960 | Spider:4 | 38960 ||| Stepping ~*~*~tactically~*~*~ (stealth).
 38961 | Spider:4 | 38961 ||| Stepping ~*~*~tactically~*~*~ (stealth).
 38963 | Spider:4 | 38963 ||| Stepping ~*~*~tactically~*~*~ (stealth).
 38964 | Spider:4 | 38964 ||| Stepping ~*~*~tactically~*~*~ (stealth).
 38967 | Spider:4 | 38967 ||| Stepping ~*~*~tactically~*~*~ (stealth).
 38969 | Spider:4 | 38969 ||| Stepping ~*~*~tactically~*~*~ (stealth).
 39009 | Spider:4 | 39009 ||| INVOKING Finesse.
 39096 | Spider:4 | Received a gift from Okawaru
 39186 | Spider:4 | 39186 ||| Stepping ~*~*~tactically~*~*~ (water).
 39215 | Spider:4 | 39215 ||| Stepping ~*~*~tactically~*~*~ (stealth).
 39265 | Spider:4 | 39265 ||| Stepping ~*~*~tactically~*~*~ (stealth).
 39288 | Spider:4 | 39288 ||| INVOKING Heroism.
 39324 | Spider:4 | 39324 ||| Stepping ~*~*~tactically~*~*~ (stealth).
 39347 | Spider:4 | 39347 ||| FLEEEEING.
 39351 | Spider:4 | 39351 ||| Stepping ~*~*~tactically~*~*~ (stealth).
 39453 | Spider:4 | Got a gossamer rune of Zot
 39692 | Spider:4 | 39692 ||| PLANNING DEPTHS
 39692 | Spider:4 | 39692 ||| DROPPING scarf of invisibility.
 39693 | Spider:4 | 39693 ||| DROPPING +0 cloak of poison resistance.
 39694 | Spider:4 | 39694 ||| DROPPING +1 hat of intelligence.
 39695 | Spider:4 | 39695 ||| DROPPING ring of poison resistance.
 39906 | Depths:1 | Entered Level 1 of the Depths
 39906 | Depths:1 | Noticed Asterion
 39907 | Depths:1 | 39907 ||| INVOKING Heroism.
 39908 | Depths:1 | 39908 ||| INVOKING Finesse.
 39918 | Depths:1 | Gained mutation: You occasionally lose the ability to drink
                  | potions when taking damage. [a cacodemon]
 39932 | Depths:1 | Killed Asterion
 40002 | Depths:1 | 40002 ||| DRINKING 4 potions of mutation.
 40002 | Depths:1 | Lost mutation: You occasionally lose the ability to drink
                  | potions when taking damage. [potion of mutation]
 40002 | Depths:1 | Gained mutation: You are frail. (-10% HP) [potion of
                  | mutation]
 40003 | Depths:1 | 40003 ||| DRINKING 3 potions of mutation.
 40003 | Depths:1 | Lost mutation: You are frail. (-10% HP) [potion of
                  | mutation]
 40003 | Depths:1 | Gained mutation: Armour fits poorly on your strangely
                  | shaped body. [potion of mutation]
 40003 | Depths:1 | Lost mutation: Armour fits poorly on your strangely shaped
                  | body. [potion of mutation]
 40003 | Depths:1 | Gained mutation: Your spells are a little harder to cast,
                  | but a little more powerful. [potion of mutation]
 40064 | Depths:1 | 40064 ||| Stepping ~*~*~tactically~*~*~ (stealth).
 40066 | Depths:1 | 40066 ||| Stepping ~*~*~tactically~*~*~ (stealth).
 40079 | Depths:1 | 40079 ||| Stepping ~*~*~tactically~*~*~ (stealth).
 40081 | Depths:1 | 40081 ||| Stepping ~*~*~tactically~*~*~ (stealth).
 40084 | Depths:1 | 40084 ||| INVOKING Heroism.
 40103 | Depths:1 | Identified the +3 hat "Hied" {rF- Regen+ Slay+5} (Okawaru
                  | gifted it to you on level 1 of the Depths)
 40103 | Depths:1 | Received a gift from Okawaru
 40112 | Depths:1 | Gained mutation: You are robust. (+10% HP) [demonic
                  | ancestry]
 40112 | Depths:1 | Reached XP level 21. HP: 174/198 MP: 28/28
 40127 | Depths:1 | 40127 ||| INVOKING Finesse.
 40223 | Depths:1 | 40223 ||| Stepping ~*~*~tactically~*~*~ (stealth).
 40226 | Depths:1 | 40226 ||| Stepping ~*~*~tactically~*~*~ (hiding).
 40229 | Depths:1 | 40229 ||| INVOKING Heroism.
 40253 | Depths:1 | 40253 ||| INVOKING Heroism.
 40258 | Depths:1 | 40258 ||| Stepping ~*~*~tactically~*~*~ (stealth).
 40298 | Depths:1 | 40298 ||| INVOKING Finesse.
 40306 | Depths:1 | 40306 ||| INVOKING Heroism.
 40442 | Depths:1 | 40442 ||| INVOKING Heroism.
 40443 | Depths:1 | 40443 ||| INVOKING Finesse.
 40465 | Depths:1 | Reached skill level 20 in Fighting
 40529 | Depths:1 | 40529 ||| Stepping ~*~*~tactically~*~*~ (stealth).
 40580 | Depths:1 | 40580 ||| Stepping ~*~*~tactically~*~*~ (stealth).
 40582 | Depths:1 | 40582 ||| Stepping ~*~*~tactically~*~*~ (stealth).
 40586 | Depths:1 | 40586 ||| Stepping ~*~*~tactically~*~*~ (stealth).
 40587 | Depths:1 | 40587 ||| Stepping ~*~*~tactically~*~*~ (stealth).
 40588 | Depths:1 | 40588 ||| INVOKING Heroism.
 40637 | Depths:1 | 40637 ||| INVOKING Finesse.
 40695 | Depths:1 | 40695 ||| INVOKING Heroism.
 40706 | Depths:1 | 40706 ||| Stepping ~*~*~tactically~*~*~ (stealth).
 40707 | Depths:1 | 40707 ||| Stepping ~*~*~tactically~*~*~ (stealth).
 40774 | Depths:1 | 40774 ||| Stepping ~*~*~tactically~*~*~ (stealth).
 40775 | Depths:1 | 40775 ||| Stepping ~*~*~tactically~*~*~ (stealth).
 40781 | Depths:1 | 40781 ||| INVOKING Heroism.
 40958 | Depths:1 | 40958 ||| Stepping ~*~*~tactically~*~*~ (hiding).
 40959 | Depths:1 | 40959 ||| INVOKING Heroism.
 40976 | Depths:1 | Found a gateway to Hell.
 41002 | Depths:1 | 41002 ||| INVOKING Heroism.
 41066 | Depths:1 | 41066 ||| INVOKING Heroism.
 41123 | Depths:1 | Found a one-way gate leading to the halls of Pandemonium.
 41149 | Depths:1 | 41149 ||| INVOKING Heroism.
 41175 | Depths:1 | 41175 ||| INVOKING Heroism.
 41224 | Depths:1 | 41224 ||| INVOKING Heroism.
 41251 | Depths:1 | 41251 ||| INVOKING Heroism.
 41257 | Depths:1 | HP: 49/201 [hell hog/fireball (8)]
 41258 | Depths:1 | 41258 ||| READING 15 scrolls of teleportation.
 41259 | Depths:1 | 41259 ||| DRINKING 7 potions of heal wounds.
 41592 | Depths:1 | 41592 ||| INVOKING Heroism.
 41856 | Depths:1 | 41856 ||| INVOKING Heroism.
 41872 | Depths:1 | 41872 ||| INVOKING Heroism.
 41926 | Depths:1 | 41926 ||| INVOKING Heroism.
 41957 | Depths:1 | 41957 ||| INVOKING Heroism.
 41977 | Depths:1 | HP: 50/201 [hell hog/fireball (2)]
 41978 | Depths:1 | 41978 ||| READING 14 scrolls of teleportation.
 41979 | Depths:1 | 41979 ||| DRINKING 6 potions of heal wounds.
 42609 | Depths:1 | 42609 ||| INVOKING Heroism.
 42718 | Depths:2 | 42718 ||| Stepping ~*~*~tactically~*~*~ (hiding).
 42725 | Depths:2 | 42725 ||| INVOKING Heroism.
 42794 | Depths:2 | 42794 ||| Stepping ~*~*~tactically~*~*~ (stealth).
 42796 | Depths:2 | 42796 ||| Stepping ~*~*~tactically~*~*~ (hiding).
 42799 | Depths:2 | 42799 ||| Stepping ~*~*~tactically~*~*~ (hiding).
 42801 | Depths:2 | 42801 ||| Stepping ~*~*~tactically~*~*~ (hiding).
 42802 | Depths:2 | 42802 ||| Stepping ~*~*~tactically~*~*~ (hiding).
 42822 | Depths:2 | 42822 ||| Stepping ~*~*~tactically~*~*~ (hiding).
 42823 | Depths:2 | 42823 ||| Stepping ~*~*~tactically~*~*~ (hiding).
 42849 | Depths:2 | 42849 ||| Stepping ~*~*~tactically~*~*~ (hiding).
 42851 | Depths:2 | 42851 ||| Stepping ~*~*~tactically~*~*~ (hiding).
 42854 | Depths:2 | 42854 ||| INVOKING Heroism.
 42868 | Depths:2 | Noticed a caustic shrike
 42870 | Depths:2 | Noticed a caustic shrike
 42885 | Depths:2 | Killed a caustic shrike
 42896 | Depths:2 | 42896 ||| READING 14 scrolls of teleportation.
 42901 | Depths:2 | Killed a caustic shrike
 43066 | Depths:2 | 43066 ||| INVOKING Heroism.
 43113 | Depths:2 | 43113 ||| INVOKING Heroism.
 43124 | Depths:2 | Reached skill level 21 in Fighting
 43131 | Depths:2 | 43131 ||| Stepping ~*~*~tactically~*~*~ (hiding).
 43186 | Depths:2 | 43186 ||| Stepping ~*~*~tactically~*~*~ (hiding).
 43188 | Depths:2 | 43188 ||| Stepping ~*~*~tactically~*~*~ (hiding).
 43195 | Depths:2 | Received a gift from Okawaru
 43232 | Depths:2 | 43232 ||| Stepping ~*~*~tactically~*~*~ (stealth).
 43234 | Depths:2 | 43234 ||| Stepping ~*~*~tactically~*~*~ (hiding).
 43238 | Depths:2 | 43238 ||| INVOKING Heroism.
 43296 | Depths:2 | 43296 ||| Stepping ~*~*~tactically~*~*~ (stealth).
 43360 | Depths:2 | 43360 ||| Stepping ~*~*~tactically~*~*~ (stealth).
 43364 | Depths:2 | 43364 ||| Stepping ~*~*~tactically~*~*~ (hiding).
 43380 | Depths:2 | 43380 ||| Stepping ~*~*~tactically~*~*~ (hiding).
 43385 | Depths:2 | 43385 ||| INVOKING Heroism.
 43396 | Depths:2 | 43396 ||| Stepping ~*~*~tactically~*~*~ (hiding).
 43407 | Depths:2 | Noticed a juggernaut
 43424 | Depths:2 | 43424 ||| INVOKING Finesse.
 43435 | Depths:2 | Killed a juggernaut
 43435 | Depths:2 | Received a gift from Okawaru
 43560 | Depths:2 | 43560 ||| Stepping ~*~*~tactically~*~*~ (hiding).
 43561 | Depths:2 | 43561 ||| Stepping ~*~*~tactically~*~*~ (hiding).
 43564 | Depths:2 | 43564 ||| INVOKING Heroism.
 43586 | Depths:2 | HP: 40/204 [frost giant (illusionary)/bolt of cold (34)]
 43586 | Depths:2 | HP: 18/204 [fire dragon (illusionary) (4)]
 43587 | Depths:2 | 43587 ||| READING 13 scrolls of teleportation.
 43588 | Depths:2 | 43588 ||| DRINKING 5 potions of heal wounds.
 43589 | Depths:2 | 43589 ||| DRINKING 4 potions of heal wounds.
 43698 | Depths:2 | 43698 ||| FLEEEEING.
 43712 | Depths:2 | 43712 ||| FLEEEEING.
 43713 | Depths:2 | 43713 ||| FLEEEEING.
 43714 | Depths:2 | 43714 ||| FLEEEEING.
 43715 | Depths:2 | 43715 ||| FLEEEEING.
 43716 | Depths:2 | 43716 ||| FLEEEEING.
 43717 | Depths:2 | 43717 ||| FLEEEEING.
 43718 | Depths:2 | 43718 ||| STAIRDANCE
 43948 | Depths:2 | 43948 ||| STAIRDANCE
 43958 | Depths:2 | 43958 ||| STAIRDANCE
 43964 | Depths:2 | 43964 ||| STAIRDANCE
 44018 | Depths:2 | Found a one-way gateway to a ziggurat.
 44019 | Depths:2 | 44019 ||| INVOKING Heroism.
 44144 | Depths:2 | 44144 ||| Stepping ~*~*~tactically~*~*~ (stealth).
 44184 | Depths:2 | 44184 ||| INVOKING Heroism.
 44196 | Depths:2 | Reached XP level 22. HP: 194/213 MP: 24/29
 44273 | Depths:2 | Identified the +9 rapier "Ziheg" {vorpal, rF- rC+++ MP+9
                  | Int+3}
 44382 | Depths:2 | 44382 ||| INVOKING Heroism.
 44389 | Depths:2 | 44389 ||| Stepping ~*~*~tactically~*~*~ (hiding).
 44480 | Depths:2 | 44480 ||| Stepping ~*~*~tactically~*~*~ (stealth).
 44483 | Depths:2 | 44483 ||| Stepping ~*~*~tactically~*~*~ (hiding).
 44488 | Depths:2 | 44488 ||| INVOKING Heroism.
 44548 | Depths:2 | 44548 ||| Stepping ~*~*~tactically~*~*~ (stealth).
 44551 | Depths:2 | 44551 ||| INVOKING Heroism.
 44682 | Depths:3 | Received a gift from Okawaru
 44684 | Depths:3 | Noticed Louise
 44685 | Depths:3 | 44685 ||| Stepping ~*~*~tactically~*~*~ (hiding).
 44713 | Depths:3 | 44713 ||| INVOKING Heroism.
 44721 | Depths:3 | Killed Louise
 44743 | Depths:3 | Received a gift from Okawaru
 44750 | Depths:3 | 44750 ||| STAIRDANCE
 44758 | Depths:3 | 44758 ||| STAIRDANCE
 44800 | Depths:3 | Found a sacrificial altar of Ru.
 44810 | Depths:3 | Found a one-way gate to the infinite horrors of the Abyss.
 44833 | Depths:3 | 44833 ||| Stepping ~*~*~tactically~*~*~ (hiding).
 44845 | Depths:3 | 44845 ||| INVOKING Heroism.
 44866 | Depths:3 | 44866 ||| INVOKING Finesse.
 44868 | Depths:3 | Received a gift from Okawaru
 44962 | Depths:3 | 44962 ||| Stepping ~*~*~tactically~*~*~ (hiding).
 44971 | Depths:3 | 44971 ||| Stepping ~*~*~tactically~*~*~ (hiding).
 44972 | Depths:3 | 44972 ||| Stepping ~*~*~tactically~*~*~ (hiding).
 44974 | Depths:3 | 44974 ||| Stepping ~*~*~tactically~*~*~ (hiding).
 44975 | Depths:3 | 44975 ||| Stepping ~*~*~tactically~*~*~ (hiding).
 44983 | Depths:3 | 44983 ||| INVOKING Heroism.
 45078 | Depths:3 | 45078 ||| INVOKING Heroism.
 45220 | Depths:3 | 45220 ||| READING scroll of enchant weapon.
 45220 | Depths:3 | 45220 ||| ENCHANTING +5 vampiric broad axe.
 45228 | Depths:3 | 45228 ||| Stepping ~*~*~tactically~*~*~ (stealth).
 45596 | Depths:3 | 45596 ||| INVOKING Heroism.
 45598 | Depths:3 | 45598 ||| Stepping ~*~*~tactically~*~*~ (stealth).
 45602 | Depths:3 | 45602 ||| Stepping ~*~*~tactically~*~*~ (hiding).
 45648 | Depths:3 | Noticed a golden dragon
 45649 | Depths:3 | 45649 ||| Stepping ~*~*~tactically~*~*~ (stealth).
 45652 | Depths:3 | 45652 ||| INVOKING Heroism.
 45654 | Depths:3 | 45654 ||| INVOKING Finesse.
 45664 | Depths:3 | Killed a golden dragon
 45679 | Depths:3 | 45679 ||| Stepping ~*~*~tactically~*~*~ (hiding).
 45681 | Depths:3 | Noticed a golden dragon
 45687 | Depths:3 | Noticed a caustic shrike
 45703 | Depths:3 | Killed a golden dragon
 45710 | Depths:3 | 45710 ||| INVOKING Heroism.
 45719 | Depths:3 | Killed a caustic shrike
 45758 | Depths:3 | Received a gift from Okawaru
 45771 | Depths:3 | 45771 ||| INVOKING Heroism.
 45784 | Depths:3 | Noticed a juggernaut
 45785 | Depths:3 | 45785 ||| INVOKING Finesse.
 45802 | Depths:3 | Killed a juggernaut
 45814 | Depths:3 | 45814 ||| Stepping ~*~*~tactically~*~*~ (stealth).
 45816 | Depths:3 | 45816 ||| Stepping ~*~*~tactically~*~*~ (hiding).
 45833 | Depths:3 | Received a gift from Okawaru
 46096 | Depths:3 | 46096 ||| UPGRADING to +0 tower shield.
 46106 | Depths:3 | 46106 ||| DROPPING +0 kite shield.
 46107 | Depths:3 | 46107 ||| DROPPING +0 kite shield of reflection.
 46141 | Depths:4 | Entered Level 4 of the Depths
 46247 | Depths:4 | 46247 ||| INVOKING Heroism.
 46248 | Depths:4 | 46248 ||| INVOKING Finesse.
 46279 | Depths:4 | 46279 ||| INVOKING Heroism.
 46403 | Depths:4 | 46403 ||| INVOKING Heroism.
 46404 | Depths:4 | 46404 ||| INVOKING Finesse.
 46457 | Depths:4 | 46457 ||| INVOKING Finesse.
 46484 | Depths:4 | 46484 ||| Stepping ~*~*~tactically~*~*~ (hiding).
 46485 | Depths:4 | 46485 ||| Stepping ~*~*~tactically~*~*~ (hiding).
 46486 | Depths:4 | 46486 ||| Stepping ~*~*~tactically~*~*~ (hiding).
 46487 | Depths:4 | 46487 ||| Stepping ~*~*~tactically~*~*~ (hiding).
 46515 | Depths:4 | 46515 ||| Stepping ~*~*~tactically~*~*~ (stealth).
 46619 | Depths:4 | 46619 ||| INVOKING Finesse.
 46634 | Depths:4 | 46634 ||| Stepping ~*~*~tactically~*~*~ (stealth).
 46661 | Depths:4 | Received a gift from Okawaru
 46692 | Depths:4 | 46692 ||| Stepping ~*~*~tactically~*~*~ (stealth).
 46700 | Depths:4 | 46700 ||| Stepping ~*~*~tactically~*~*~ (stealth).
 46706 | Depths:4 | 46706 ||| INVOKING Heroism.
 46723 | Depths:4 | 46723 ||| Stepping ~*~*~tactically~*~*~ (stealth).
 46818 | Depths:4 | 46818 ||| INVOKING Heroism.
 46831 | Depths:4 | Received a gift from Okawaru
 46834 | Depths:4 | Reached skill level 18 in Shields
 46908 | Depths:4 | 46908 ||| INVOKING Heroism.
 46964 | Depths:4 | 46964 ||| Stepping ~*~*~tactically~*~*~ (hiding).
 46981 | Depths:4 | Received a gift from Okawaru
 47002 | Depths:4 | 47002 ||| Stepping ~*~*~tactically~*~*~ (hiding).
 47026 | Depths:4 | Gained mutation: You are very robust. (+20% HP) [demonic
                  | ancestry]
 47026 | Depths:4 | Reached XP level 23. HP: 203/240 MP: 24/30
 47034 | Depths:4 | 47034 ||| INVOKING Heroism.
 47059 | Depths:4 | 47059 ||| INVOKING Heroism.
 47260 | Depths:4 | Found a gate to the Realm of Zot.
 47546 | Depths:4 | Identified the ring "Adalo" {Fly rC++ EV+4 Dex+2}
 47661 | Depths:4 | Found a runed translucent gate.
 47661 | Depths:4 | Found a runed translucent gate.
 47661 | Depths:4 | Found a runed translucent gate.
 47661 | Depths:4 | Found a runed translucent gate.
 47661 | Depths:4 | Found a runed translucent gate.
 47661 | Depths:4 | Found a runed translucent gate.
 47661 | Depths:4 | Found the +2 Maxwell's thermic engine {flame, freeze}
 47710 | Depths:4 | 47710 ||| PLANNING VAULTS:5
 47710 | Depths:4 | 47710 ||| UPGRADING to ring "Adalo" {Fly rC++ EV+4 Dex+2}.
 47712 | Depths:4 | 47712 ||| DROPPING +6 ring of strength.
 47713 | Depths:4 | 47713 ||| DROPPING ring of see invisible.
 47714 | Depths:4 | 47714 ||| UPGRADING to ring "Mifyifuf" {rF++ Str+6 Dex-3}.
 47716 | Depths:4 | 47716 ||| DROPPING 2 boomerangs.
 47717 | Depths:4 | 47717 ||| DROPPING 7 silver boomerangs.
 48035 | Vaults:5 | Entered Level 5 of the Vaults
 48036 | Vaults:5 | 48036 ||| INVOKING Heroism.
 48037 | Vaults:5 | 48037 ||| STAIRDANCE
 48054 | Vaults:5 | 48054 ||| STAIRDANCE
 48058 | Vaults:4 | 48058 ||| INVOKING Heroism.
 48081 | Vaults:4 | 48081 ||| UPGRADING to +2 tower shield.
 48091 | Vaults:4 | 48091 ||| DROPPING +0 tower shield.
 48095 | Vaults:5 | 48095 ||| STAIRDANCE
 48097 | Vaults:4 | 48097 ||| INVOKING Heroism.
 48128 | Vaults:4 | 48128 ||| DROPPING +1 chain mail of fire resistance.
 48132 | Vaults:5 | 48132 ||| STAIRDANCE
 48148 | Vaults:5 | 48148 ||| STAIRDANCE
 48150 | Vaults:4 | 48150 ||| INVOKING Heroism.
 48173 | Vaults:5 | 48173 ||| INVOKING Finesse.
 48199 | Vaults:5 | 48199 ||| STAIRDANCE
 48212 | Vaults:5 | 48212 ||| STAIRDANCE
 48224 | Vaults:4 | 48224 ||| INVOKING Heroism.
 48291 | Vaults:5 | 48291 ||| INVOKING Heroism.
 48311 | Vaults:5 | 48311 ||| INVOKING Finesse.
 48367 | Vaults:5 | 48367 ||| INVOKING Heroism.
 48378 | Vaults:5 | 48378 ||| INVOKING Finesse.
 48430 | Vaults:5 | 48430 ||| INVOKING Heroism.
 48431 | Vaults:5 | 48431 ||| INVOKING Finesse.
 48484 | Vaults:5 | 48484 ||| Stepping ~*~*~tactically~*~*~ (hiding).
 48497 | Vaults:5 | 48497 ||| INVOKING Heroism.
 48506 | Vaults:5 | Received a gift from Okawaru
 48546 | Vaults:5 | 48546 ||| Stepping ~*~*~tactically~*~*~ (hiding).
 48563 | Vaults:5 | 48563 ||| INVOKING Heroism.
 48596 | Vaults:5 | Reached skill level 9 in Dodging
 48621 | Vaults:5 | 48621 ||| INVOKING Heroism.
 48626 | Vaults:5 | 48626 ||| DRINKING 2 potions of cancellation.
 48627 | Vaults:5 | 48627 ||| DRINKING potion of cancellation.
 48639 | Vaults:5 | 48639 ||| INVOKING Finesse.
 48819 | Vaults:5 | 48819 ||| Stepping ~*~*~tactically~*~*~ (hiding).
 48887 | Vaults:5 | 48887 ||| INVOKING Heroism.
 48888 | Vaults:5 | 48888 ||| INVOKING Finesse.
 48897 | Vaults:5 | Noticed a dread lich
 48901 | Vaults:5 | Received a gift from Okawaru
 48943 | Vaults:5 | Killed a dread lich
 48943 | Vaults:5 | Received a gift from Okawaru
 48954 | Vaults:5 | 48954 ||| Stepping ~*~*~tactically~*~*~ (hiding).
 48955 | Vaults:5 | 48955 ||| Stepping ~*~*~tactically~*~*~ (hiding).
 48956 | Vaults:5 | 48956 ||| Stepping ~*~*~tactically~*~*~ (hiding).
 48967 | Vaults:5 | 48967 ||| INVOKING Heroism.
 48982 | Vaults:5 | 48982 ||| INVOKING Finesse.
 48993 | Vaults:5 | Noticed an ancient lich
 48997 | Vaults:5 | 48997 ||| Stepping ~*~*~tactically~*~*~ (hiding).
 49034 | Vaults:5 | Killed an ancient lich
 49288 | Vaults:5 | 49288 ||| INVOKING Heroism.
 49292 | Vaults:5 | 49292 ||| Stepping ~*~*~tactically~*~*~ (stealth).
 49364 | Vaults:5 | Got a silver rune of Zot
 49548 | Vaults:5 | 49548 ||| PLANNING SHOPPING SPREE
 49548 | Vaults:5 | 49548 ||| DROPPING +2 chain mail of fire resistance.
 49549 | Vaults:5 | 49549 ||| DROPPING +0 fire dragon scales.
 49550 | Vaults:5 | 49550 ||| UPGRADING to +0 gold dragon scales.
 49560 | Vaults:5 | 49560 ||| UPGRADING to +3 hat "Hied" {rF- Regen+ Slay+5}.
 49570 | Vaults:5 | 49570 ||| DROPPING ring of positive energy.
 50062 | Shoals:3 | 50062 ||| BUYING ring "Naodwife" {Ice rN+ Int+3 Dex+4} (865
                  | gold).
 50062 | Shoals:3 | Bought the ring "Naodwife" {Ice rN+ Int+3 Dex+4} for 865
                  | gold pieces
 50062 | Shoals:3 | 50062 ||| BUYING ring "Pivuinil" {rElec Str-5 Int+4 Slay+4
                  | SInv} (1599 gold).
 50062 | Shoals:3 | Bought the ring "Pivuinil" {rElec Str-5 Int+4 Slay+4 SInv}
                  | for 1599 gold pieces
 50062 | Shoals:3 | 50062 ||| UPGRADING to ring "Pivuinil" {rElec Str-5 Int+4
                  | Slay+4 SInv}.
 50064 | Shoals:3 | 50064 ||| PLANNING ZOT:1-4
 50437 | Zot:1    | Entered Level 1 of the Realm of Zot
 50437 | Zot:1    | Noticed Vv
 50438 | Zot:1    | 50438 ||| INVOKING Heroism.
 50439 | Zot:1    | 50439 ||| INVOKING Finesse.
 50443 | Zot:1    | 50443 ||| Stepping ~*~*~tactically~*~*~ (cloud).
 50445 | Zot:1    | Received a gift from Okawaru
 50480 | Zot:1    | HP: 58/242 [Vv (8)]
 50481 | Zot:1    | 50481 ||| READING 17 scrolls of teleportation.
 50482 | Zot:1    | 50482 ||| DRINKING 5 potions of heal wounds.
 50483 | Zot:1    | 50483 ||| DRINKING 4 potions of heal wounds.
 50484 | Zot:1    | 50484 ||| DRINKING 3 potions of heal wounds.
 50485 | Zot:1    | 50485 ||| DRINKING 2 potions of heal wounds.
 50485 | Zot:1    | HP: 55/242 [poisoned by a green draconian]
 50486 | Zot:1    | 50486 ||| DRINKING potion of heal wounds.
 50492 | Zot:1    | HP: 55/242 [Vv/creeping frost (12)]
 50494 | Zot:1    | Killed Vv
 50666 | Zot:1    | 50666 ||| INVOKING Heroism.
 50667 | Zot:1    | 50667 ||| INVOKING Finesse.
 50681 | Zot:1    | 50681 ||| Stepping ~*~*~tactically~*~*~ (hiding).
 50738 | Zot:1    | 50738 ||| INVOKING Heroism.
 50739 | Zot:1    | 50739 ||| INVOKING Finesse.
 50830 | Zot:1    | 50830 ||| Stepping ~*~*~tactically~*~*~ (stealth).
 50919 | Zot:1    | 50919 ||| INVOKING Heroism.
 50938 | Zot:1    | Gained mutation: You are extremely robust. (+30% HP)
                  | [demonic ancestry]
 50938 | Zot:1    | Reached XP level 24. HP: 241/273 MP: 30/30
 50997 | Zot:1    | 50997 ||| Stepping ~*~*~tactically~*~*~ (hiding).
 51000 | Zot:1    | 51000 ||| INVOKING Heroism.
 51018 | Zot:1    | Received a gift from Okawaru
 51023 | Zot:1    | HP: 67/273 [golden dragon (12)]
 51024 | Zot:1    | 51024 ||| READING 16 scrolls of teleportation.
 51027 | Zot:1    | HP: 31/273 [black draconian/+0 halberd[a red draconian
                  | scorcher] (10)]
 51029 | Zot:1    | 51029 ||| INVOKING Heroism.
 51029 | Zot:1    | HP: 5/273 [purple draconian/+0 dire flail (12)]
 51029 | Zot:1    | Mangled by a tentacled monstrosity

Levels and vault maps discovered:
D:1:      ebering_trefoil_3fold, layout_loops_ring
D:2:      minmay_alternating_diamond, layout_basic, serial_forest,
          infiniplex_forest_straight_1, infiniplex_forest_lined_room_2,
          infiniplex_forest_lined_room_2, infiniplex_forest_straight_1,
          infiniplex_forest_end_2, infiniplex_forest_fountain,
          infiniplex_forest_clump_curved, dilly_ecumenical_altar_fadedgnrine
D:3:      layout_rooms, lemuel_doored_altar, serial_shops, shop_statue,
          eino_tiny_chamber, uniq_ijyb
D:4:      layout_layer_cave, trog_wizard, nicolae_gozag_seed_capital,
          gammafunk_ghost_cemetery
D:5:      layout_loops_cross, mainiacjoe_overflow_small_starburst,
          worldfamousw_hep_ancestral_shrine, minmay_fractal_squares_gapless_5
D:6:      layout_rooms, dreamdust_divine_triumvirate, minmay_temple_entry_wispy
D:7:      kennysheep_slugbush, layout_basic,
          grunt_temple_overflow_magic_moments, lemuel_coloured_pillars_altar,
          ebering_ghost_disaster_area, minmay_misc_feat_tower
D:8:      layout_cave_pools, fedhas_altar_decomposition, grunt_decor_clamped,
          uniq_maggie, uniq_psyche
D:9:      layout_roguey, old_standard_altar, david_lair_generic, worms_lemuel
D:10:     layout_basic, orc_0_dummy, dk_rats_in_the_wall
D:11:     layout_rooms
D:12:     minmay_shrinking_squares, layout_stronghold
D:13:     layout_loops_ring, hellmonk_ghost_happy_afterlife,
          gauntlet_entry_generic, nrook_loot_triangle
D:14:     layout_cave_pools, david_vaults_3, gammafunk_ghost_necromancy,
          serial_shops, shop
D:15:     hangedman_depths_entry_try_elsewhere_first, layout_irregular_city,
          nicolae_dithmenos_the_darkroom
Temple:   hellmonk_temple_beads
Lair:1:   gammafunk_lair_enchanted_lake, layout_layer_cave,
          nicolae_quartered_pool_little
Lair:2:   layout_layer_cave, nicolae_spider_entry_orb_guardian,
          serial_bayou_shore_a, infiniplex_staircase_pool_2
Lair:3:   layout_loops_ring, minmay_shoals_entry_lonely_mermaid,
          ebering_ghost_inner_flame, grunt_megastairs_5
Lair:4:   layout_gridlike
Lair:5:   hangedman_lair_tendril_chambers, layout_layer_cave,
          guppyfry_lair_end_dragon, dpeg_slime_entry_enclosed, st_stairs_4,
          lemuel_fruit_tree, lemuel_fruit_fields
Shoals:1: layout_shoals, serial_shops, nicolae_shop_statue_plus, uniq_josephine
Shoals:2: layout_shoals
Shoals:3: layout_shoals, serial_shops, shop, nicolae_take_the_stairs,
          uniq_donald
Shoals:4: shoals_end_hellmonk_storm_palace [storm_palace_center_square,
          storm_palace_corner_blocked, storm_palace_corner_reverse_hut,
          storm_palace_corner_pillars, storm_palace_corner_reverse_hut]
Spider:1: layout_spider_delve
Spider:2: layout_spider_delve, nicolae_spider_wall_of_niches, uniq_jorgrun,
          uniq_arachne, uniq_aizul
Spider:3: hangedman_creepy_crawlies, nicolae_spider_twisty_arc_passages,
          uniq_nikola
Spider:4: grunt_spider_rune_circles, uniq_mara
Orc:1:    layout_caves, portal_ice_cave_rime
Orc:2:    grunt_orc_gardens, layout_diamond_mine, grunt_orc_garden,
          grunt_orc_garden, grunt_orc_garden, grunt_orc_garden, uniq_nessos
Vaults:1: vaults_room_ringed_pool, st_lines, grunt_vaults_hallway_short,
          hangedman_vaults_trim, vaults_standard_mumra_x,
          nicolae_vaults_network_barrier, hangedman_vaults_impose,
          dpeg_vaults_monster_row, v_misc_13, grunt_vaults_swirl,
          layout_vaults_ring
Vaults:2: biasface_ghost_orc_armoury, st_cells, v_misc_32, vaults_mumra_hexcomb,
          hangedman_vaults_cutoff, vaults_room_grid, grunt_vaults_twisty,
          v_misc_5, v_rooms_2, nicolae_vaults_gold_heap, v_misc_23,
          nicolae_vaults_asterisk, v_misc_15, nicolae_vaults_circle_grid_a,
          layout_vaults_maze_bifur
Vaults:3: minmay_crypt_entry_simple_box, vaults_room_pool,
          hangedman_vaults_snaps, v_misc_14, v_misc_10,
          nicolae_vaults_little_squares_3, ontoclasm_vaults_shuriken,
          nicolae_vaults_shelves_hall, v_alt_pattern_6, layout_vaults_omnigrid
Vaults:4: ontoclasm_vaults_bender, ontoclasm_vaults_ring_small,
          nicolae_vaults_puzzle_piece, nicolae_vaults_ninety_degrees,
          vaults_room_pools, nicolae_vaults_an_arrangement, v_misc_28,
          vaults_room_door_hall, grunt_vaults_hallway_short, v_misc_22,
          v_alt_pattern_2, hangedman_vaults_stagger, ontoclasm_vaults_ligature,
          nicolae_vaults_little_squares_1, ontoclasm_vaults_misaligned,
          layout_vaults_omnibox
Vaults:5: serial_shops
Depths:1: layout_gridville, hellmouth_3, minmay_misc_feat_pillars,
          rand_demon_pan_entry_1, drop_trap, fountainhead,
          hangedman_abyss_or_decor_clamps, minmay_pinched_square, firewood_loft,
          uniq_asterion
Depths:2: nicolae_legendary_halls, layout_basic, enter_ziggurat_e,
          rand_demon_pan_entry_7, amcnicky_mini_pool_small, hell_entry
Depths:3: evilmike_pillar_path, layout_cave_shapes,
          chequers_serial_rivers_room_b, grunt_metal_band,
          nicolae_abyss_entry_one_way_or_another, kennysheep_nondescript,
          nicolae_ru_awakened_eye, infiniplex_staircase_zigzag_3,
          serial_bayou_shore_b, serial_bayou_shore_b
Depths:4: evilmike_zot_entry_hall, layout_gridlike, grunt_hell_entry_dis_old,
          serial_sigils_hangedman_confine, rand_demon_pan_entry_3, st_stairs_1,
          brannock_guarded_unrand_thermic_engine
Zot:1:    layout_twisted_circle, uniq_vv

Skill      XL: |  1  2  3  4  5  6  7  8  9 10 11 12 13 14 15 16 17 18 19 20 21 22 23 |
---------------+----------------------------------------------------------------------+-----
Axes           | 3 4 5 6 8 9 11 12 14 16 18 | 18.0
Dodging        | 1 3 4 5 6 7 8 9 |  9.0
Armour         | 2 4 5 7 8 9 11 12 13 14 15 16 17 | 17.9
Fighting       | 4 5 7 8 10 11 12 14 16 18 19 21 | 21.9
Throwing       | 2 3 4 5 7 8 10 12 14 | 14.0
Invocations    | 4 10 | 10.0
Shields        | 6 10 12 13 14 15 16 18 20 | 20.0
Spellcasting   | |  1.0
Fire Magic     | |  2.6

Action                   |  1- 3 |  4- 6 |  7- 9 | 10-12 | 13-15 | 16-18 | 19-21 | 22-24 || total
-------------------------+-------+-------+-------+-------+-------+-------+-------+-------++-------
Melee: Hand axe          |   167 |   112 |   265 |    15 |    40 |       |       |       ||   599
       Punch             |     1 |     1 |     1 |    12 |    22 |       |       |       ||    37
       War axe           |       |       |    73 |   478 |   735 |       |       |       ||  1286
       Touch             |       |       |       |    81 |   113 |       |       |       ||   194
       Broad axe         |       |       |       |       |   374 |  1435 |  1980 |  1440 ||  5229
Throw: Javelin           |       |       |    16 |    36 |    86 |   222 |   208 |    94 ||   662
       Boomerang         |       |       |    16 |    52 |    57 |       |     5 |       ||   130
Invok: Fiery Armour      |       |     3 |     5 |     5 |       |       |       |       ||    13
       Heroism           |       |       |       |    10 |    48 |    49 |    59 |    39 ||   205
       Finesse           |       |       |       |       |    10 |    23 |    15 |    17 ||    65
  Use: Scroll            |     4 |     5 |     8 |     8 |    14 |     1 |     6 |     3 ||    49
       Potion            |     2 |     1 |     7 |     2 |     3 |     5 |     8 |     7 ||    35
 Stab: Distracted        |       |       |       |       |     1 |       |       |       ||     1
       Held in net/web   |       |       |       |       |       |       |     1 |       ||     1
       Petrified         |       |       |       |       |       |       |       |     5 ||     5
Armor: Robe              |    34 |       |       |       |       |       |       |       ||    34
       Leather armour    |    34 |    20 |       |       |       |       |       |       ||    54
       Scale mail        |       |    19 |    73 |       |       |       |       |       ||    92
       Plate armour      |       |       |    96 |       |    58 |   535 |   799 |   461 ||  1949
       Swamp dragon scal |       |       |     1 |   209 |   232 |       |       |       ||   442
       Chain mail        |       |       |       |       |    85 |       |       |       ||    85
       Gold dragon scale |       |       |       |       |       |       |       |    75 ||    75
Dodge: Dodged            |   114 |    52 |   159 |   356 |   460 |   466 |   622 |   471 ||  2700
       Repelled          |       |       |       |       |     2 |     9 |    21 |    15 ||    47
Block: Kite shield       |       |       |       |       |   314 |  1069 |  1394 |   317 ||  3094
       Reflection        |       |       |       |       |    26 |    24 |    28 |    43 ||   121
       Tower shield      |       |       |       |       |       |       |       |  1063 ||  1063

Table legend:
 A = Non-vault XP
 B = Vault XP
 C = Vault XP percentage of total XP
 D = Non-vault monster count
 E = Vault monster count
 F = Vault count percentage of total count
                 A         B        C        D         E       F
            +---------+---------+-------+---------+---------+-------
      Total |  559284 |  436806 |  43.9 |    1243 |     666 |  34.9
            +---------+---------+-------+---------+---------+-------
        D:1 |      25 |       0 |   0.0 |      13 |       0 |   0.0
        D:2 |      65 |       3 |   4.4 |      23 |       2 |   8.0
        D:3 |      20 |      36 |  64.3 |      12 |       1 |   7.7
        D:4 |     316 |       0 |   0.0 |      13 |       0 |   0.0
        D:5 |     382 |     145 |  27.5 |       8 |       5 |  38.5
        D:6 |    1111 |       0 |   0.0 |      20 |       0 |   0.0
        D:7 |     694 |      36 |   4.9 |      16 |       9 |  36.0
        D:8 |    1932 |    1294 |  40.1 |      36 |       9 |  20.0
        D:9 |    2561 |    1311 |  33.9 |      43 |       6 |  12.2
       D:10 |     724 |     142 |  16.4 |      15 |      21 |  58.3
       D:11 |    3182 |       0 |   0.0 |      14 |       0 |   0.0
       D:12 |    3299 |    6331 |  65.7 |      18 |       7 |  28.0
       D:13 |    5766 |       0 |   0.0 |      13 |       0 |   0.0
       D:14 |    9150 |    6814 |  42.7 |      18 |      20 |  52.6
       D:15 |   14944 |    2096 |  12.3 |      37 |       4 |   9.8
     Lair:1 |    7649 |    1303 |  14.6 |      26 |       4 |  13.3
     Lair:2 |    6910 |     858 |  11.0 |      30 |       2 |   6.2
     Lair:3 |    5820 |    1025 |  15.0 |      19 |       3 |  13.6
     Lair:4 |   13237 |       0 |   0.0 |      48 |       0 |   0.0
     Lair:5 |   15041 |   13216 |  46.8 |      50 |      50 |  50.0
   Shoals:1 |    6868 |    1949 |  22.1 |      14 |       6 |  30.0
   Shoals:2 |   17215 |       0 |   0.0 |      35 |       0 |   0.0
   Shoals:3 |    4709 |    1356 |  22.4 |       9 |       1 |  10.0
   Shoals:4 |    6201 |   27368 |  81.5 |      17 |      52 |  75.4
   Spider:1 |   23737 |       0 |   0.0 |      58 |       0 |   0.0
   Spider:2 |   15928 |   10287 |  39.2 |      38 |       9 |  19.1
   Spider:3 |    9123 |   34615 |  79.1 |      24 |      83 |  77.6
   Spider:4 |   25218 |   27030 |  51.7 |      58 |      45 |  43.7
      Orc:1 |    3338 |     758 |  18.5 |      38 |       2 |   5.0
      Orc:2 |    6575 |    9070 |  58.0 |      47 |      28 |  37.3
   Vaults:1 |   30711 |   19244 |  38.5 |      42 |      30 |  41.7
   Vaults:2 |   58445 |   29309 |  33.4 |      74 |      40 |  35.1
   Vaults:3 |   22185 |   12303 |  35.7 |      27 |      17 |  38.6
   Vaults:4 |   32118 |   41261 |  56.2 |      47 |      50 |  51.5
   Vaults:5 |   20476 |   69118 |  77.1 |      29 |      56 |  65.9
   Depths:1 |   45825 |   26893 |  37.0 |      60 |      32 |  34.8
   Depths:2 |   28620 |   39903 |  58.2 |      34 |      30 |  46.9
   Depths:3 |   38431 |   31075 |  44.7 |      47 |      22 |  31.9
   Depths:4 |   41098 |   17216 |  29.5 |      49 |      19 |  27.9
      Zot:1 |   29635 |    3441 |  10.4 |      24 |       1 |   4.0
            +---------+---------+-------+---------+---------+-------
